 Dungeon Crawl Stone Soup version 0.18.1-48-g4cf74bf (webtiles) character file.

1478489 slumpy the Axe Maniac (level 27, -3/224 HPs)
             Began as a Formicid Fighter on Sept 4, 2016.
             Was a High Priest of Okawaru.
             Engulfed by a blizzard demon's freezing vapour (14 damage)
             ... on level 18 of a ziggurat on Sept 6, 2016.
             The game lasted 21:25:20 (119596 turns).

slumpy the Axe Maniac (Formicid Fighter)          Turns: 119596, Time: 21:25:21

Health: -3/224     AC: 61    Str: 42    XL:     27
Magic:  46/50      EV: 40    Int: 19    God:    Okawaru [*****.]
Gold:   16513      SH: 43    Dex: 29    Spells: 21 memorised, 0 levels left

rFire  + . .     SeeInvis +     a - +9 executioner's axe (freeze)
rCold  . . .     Gourm    .     F - +8 orange crystal plate armour {Archmagi, Int+3 Clar SustAt}
rNeg   + + +     Faith    .     C - +6 large shield "Patir" {rCorr Dex+3 Stlth-}
rPois  +         Spirit   .     (helmet unavailable)
rElec  +         Dismiss  .     j - +2 cloak "Cueve" {rF+ Str+3 Dex+4}
rCorr  +         Reflect  +     R - +0 pair of gloves of Hoillukuy {rN++ Str+6}
SustAt +         Harm     .     n - +2 pair of boots {Fly}
MR     ++...     Clarity  +     L - amulet "Qiapla Jiyd" {Reflect +Inv SH+5}
Stlth  +.........               z - ring "Himocurgha" {*Drain rN+ MP+9 Str+4}
                                h - ring of Lady Luck {rCorr rElec Dex+4 Slay+3}

@: brilliant, agile, magic armour, heroism, finesse, darkness, shrouded
(expiring), singing, cleaving, flying, regenerating, deflect missiles, very
resistant to hostile enchantments, very unstealthy
A: permanent stasis, dig shafts and tunnels, four strong arms, antennae 3,
talons 1, molten scales 1, rough black scales 1, camouflage 1, agile 1, dopey 1,
frail 1, low mp 1, mutation resistance 2, poison resistance, slow regeneration
1, strong 1
a: Dig, Shaft Self, Heroism, Finesse, Renounce Religion, Stop Singing, Evoke
Invisibility, Stop Flying
}: 15/15 runes: decaying, slimy, silver, golden, iron, obsidian, icy, bone,
abyssal, demonic, glowing, magical, fiery, dark, gossamer


You were on level 18 of a ziggurat.
You worshipped Okawaru.
Okawaru was extremely pleased with you.
You were not hungry.

You visited 18 branches of the dungeon, and saw 86 of its levels.
You visited Pandemonium 1 time, and saw 18 of its levels.
You visited the Abyss 1 time.
You visited 2 ziggurats, and saw 41 of their levels (deepest: 23).
You also visited: Labyrinth, Bailey and Ice Cave.

You collected 20824 gold pieces.
You spent 2813 gold pieces at shops.

Inventory:

Hand Weapons
 a - a +9 executioner's axe of freezing (weapon)
 b - the +2 triple crossbow of Malaise {flame, Dex+4}
   (Okawaru gifted it to you on level 1 of the Spider Nest)

   It causes projectiles fired from it to burn those they strike, causing extra
   injury to most foes and up to half again as much damage against particularly
   susceptible opponents.
   It affects your dexterity (+4).
 O - the +8 mithril axe "Arga" {speed, MR+ Str+2}
   (You found it on level 2 of the Crypt)

   Attacks with this weapon are significantly faster.
   It affects your strength (+2).
   It affects your resistance to hostile enchantments.
Missiles
 N - 2216 bolts
Armour
 j - the +2 cloak "Cueve" (worn) {rF+ Str+3 Dex+4}
   (You found it on level 7 of Gehenna)

   It affects your strength (+3).
   It affects your dexterity (+4).
   It protects you from fire.
 n - a +2 pair of boots of flying (worn)
 u - the +3 cloak "Jobban" {MR+ Regen+ Str+4}
   (Okawaru gifted it to you on level 7 of the Iron City of Dis)

   It affects your strength (+4).
   It affects your resistance to hostile enchantments.
   It increases your rate of regeneration.
 C - the +6 large shield "Patir" (worn) {rCorr Dex+3 Stlth-}
   (Okawaru gifted it to you on level 1 of the Depths)

   It affects your dexterity (+3).
   It protects you from acid and corrosion.
   It makes you less stealthy.
 F - the +8 orange crystal plate armour (worn) {Archmagi, Int+3 Clar SustAt}
   (Okawaru gifted it to you on level 17 of a ziggurat)

   It affects your intelligence (+3).
   It sustains your strength, intelligence and dexterity.
   It protects you against confusion.
 I - the +2 cloak of the Ward {rElec MR- Regen+ Str+2}
   (You found it on level 3 of the Elven Halls)

   It affects your strength (+2).
   It insulates you from electricity.
   It affects your resistance to hostile enchantments.
   It increases your rate of regeneration.
 R - the +0 pair of gloves of Hoillukuy (worn) {rN++ Str+6}
   (Okawaru gifted it to you on level 3 of the Lair of Beasts)

   It affects your strength (+6).
   It greatly protects you from negative energy.
Jewellery
 d - the amulet "Saorhi" {*Corrode rF+ Regen+ Slay+3}
   (You bought it in a shop on level 4 of the Vaults)

   [amulet of regeneration]

   It affects your accuracy and damage with ranged weapons and melee attacks
   (+3).
   It protects you from fire.
   It increases your rate of regeneration.
   It may corrode you when you take damage.
 h - the ring of Lady Luck (left hand) {rCorr rElec Dex+4 Slay+3}
   (You found it on level 6 of a ziggurat)

   [ring of resist corrosion]

   It affects your dexterity (+4).
   It affects your accuracy and damage with ranged weapons and melee attacks
   (+3).
   It insulates you from electricity.
 k - the amulet of Ejorur {Gourm rElec Str-4 SInv Stlth+}
   (You acquired it on level 6 of a ziggurat)

   [amulet of the gourmand]

   It allows you to eat raw meat even when not hungry.
   It affects your strength (-4).
   It insulates you from electricity.
   It lets you see invisible.
   It makes you more stealthy.
 z - the ring "Himocurgha" (right hand) {*Drain rN+ MP+9 Str+4}
   (You found it on level 6 of the Dungeon)

   [ring of magical power]

   It affects your strength (+4).
   It protects you from negative energy.
   It affects your magic capacity (+9).
   It causes draining when unequipped.
 D - the ring "Kuvups" {rF++ Stlth+}
   (You found it on level 7 of a ziggurat)

   [ring of stealth]

   It greatly protects you from fire.
   It makes you more stealthy.
 E - the ring "Xymucoa" {rC+ MR+ Str+6 Stlth+}
   (You found it on level 20 of a ziggurat)

   [ring of protection from magic]

   It affects your strength (+6).
   It protects you from cold.
   It affects your resistance to hostile enchantments.
   It makes you more stealthy.
 H - the ring of Jonn {rC+ Dex+4 Slay+1}
   (You found it on level 11 of a ziggurat)

   [ring of slaying]

   It affects your dexterity (+4).
   It affects your accuracy and damage with ranged weapons and melee attacks
   (+1).
   It protects you from cold.
 L - the amulet "Qiapla Jiyd" (around neck) {Reflect +Inv SH+5}
   (You found it on level 6 of the Pits of Slime)

   [amulet of reflection]

   It shields you and reflects attacks.
   It lets you turn invisible.
   It affects your SH (+5).
 U - the ring "Buontu" {rC++ Str-4 Int+4 SInv}
   (You found it on level 7 of Gehenna)

   [ring of see invisible]

   It affects your strength (-4).
   It affects your intelligence (+4).
   It greatly protects you from cold.
   It lets you see invisible.
Wands
 T - a wand of heal wounds (5/9)
Scrolls
 f - 8 scrolls of holy word
 K - 3 scrolls of silence
 S - 6 scrolls of summoning
 V - 59 scrolls of remove curse
 Y - 2 scrolls of magic mapping
Potions
 c - 6 potions of resistance
 g - 11 potions of agility
 x - 17 potions of curing
 y - 8 potions of brilliance
 A - 19 potions of cure mutation
 P - 7 potions of might
Miscellaneous
 e - an ornate deck of war {drawn: 4}
 i - a sack of spiders {used: 8}
 m - 5 phantom mirrors
 o - an ornate deck of changes {Focus, drawn: 4}
 p - a legendary deck of changes {Dowsing, drawn: 4}
 t - a legendary deck of defence {drawn: 1}
 B - a sack of spiders
 G - a legendary deck of defence {drawn: 7}
 M - the horn of Geryon (inert)
 X - a sack of spiders
 Z - a legendary deck of wonders {Focus, drawn: 3}
Comestibles
 s - 22 bread rations


   Skills:
 O Level 27 Fighting
   Level 13.0(18.0) Long Blades
 O Level 27 Axes
   Level 12.8(26.5) Maces & Flails
   Level 8.0(24.8) Polearms
 O Level 27 Crossbows
 O Level 27 Armour
 O Level 27 Dodging
 - Level 9.4(14.4) Stealth
 O Level 27 Shields
 - Level 0.6(5.6) Unarmed Combat
 + Level 18.8 Spellcasting
 - Level 9.0 Conjurations
 - Level 14.3 Hexes
 - Level 16.2 Charms
 - Level 0.4 Necromancy
 - Level 0.5 Translocations
 - Level 11.4 Fire Magic
 - Level 12.3 Air Magic
 - Level 10.0 Invocations
 - Level 15.8 Evocations


You couldn't memorise any spells.
You knew the following spells:

 Your Spells              Type           Power        Failure   Level  Hunger
a - Song of Slaying       Chrm           #######.     1%          2    None
b - Swiftness             Chrm/Air       #######.     1%          2    None
c - Passage of Golubria   Tloc           N/A          16%         4    None
d - Cure Poison           Pois           #####.....   2%          2    None
e - Sting                 Conj/Pois      ####         1%          1    None
f - Conjure Flame         Conj/Fire      #######.     1%          3    None
g - Sticky Flame          Conj/Fire      #######.     1%          4    None
h - Deflect Missiles      Chrm/Air       #######...   1%          6    ####...
i - Delayed Fireball      Conj/Fire      N/A          30%         7    ######.
j - Apportation           Tloc           #####.....   1%          1    None
k - Fireball              Conj/Fire      #######...   1%          5    ##.....
l - Shroud of Golubria    Chrm/Tloc      ######....   1%          2    None
m - Infusion              Chrm           ####         0%          1    None
n - Regeneration          Chrm/Necr      ######....   1%          3    None
o - Beastly Appendage     Trmt           #####.       1%          1    None
p - Gell's Gravitas       Hex/Tloc       ######....   1%          3    None
q - Silence               Hex/Air        #######...   1%          5    ##.....
r - Freezing Cloud        Conj/Ice/Air   ######....   17%         6    ####...
s - Airstrike             Air            #######...   1%          4    None
t - Cause Fear            Hex            #######...   1%          4    None
z - Repel Missiles        Chrm/Air       ######       1%          2    None


Dungeon Overview and Level Annotations

Branches:
Dungeon (15/15)            Temple (1/1) D:6            Lair (8/8) D:9
  Swamp (4/4) Lair:5       Spider (4/4) Lair:5        Slime (6/6) Lair:7
    Orc (2/2) D:10            Elf (3/3) Orc:2        Vaults (5/5) D:14
  Crypt (3/3) Vaults:3       Tomb (3/3) Crypt:3      Depths (5/5) D:15
   Hell (1/1)                 Dis (7/7) Hell            Geh (7/7) Hell
    Coc (7/7) Hell            Tar (7/7) Hell            Zot (4/5) Depths:5

Altars:
Ashenzari
Cheibriados
Dithmenos
Elyvilon
Fedhas
Gozag
Kikubaaqudgha
Makhleb
Nemelex Xobeh
Okawaru
Pakellas
Qazlal
Ru
Sif Muna
Trog
Vehumet
Xom
Yredelemnul
Zin
The Shining One
Beogh

Shops:
D:4 (   D:7 (   Orc:1 [   Orc:2 ((*[:   Elf:1 (   Vaults:1 ?   Vaults:4 [=

Portals:
Hell: Depths:1 Depths:2 Depths:3 Depths:4 Depths:5
Abyss: Depths:1 Depths:2 Depths:4
Pandemonium: Depths:3

Annotations:
D:6 blejac99's ghost, novice HESk
Tar:5 exclusion: oklob plant


Innate Abilities, Weirdness & Mutations

You are under a permanent stasis effect.
You can dig through walls and to a lower floor.
Your four strong arms can wield two-handed weapons with a shield.
You have a pair of large antennae on your head (SInv).
You have sharp toenails.
You are partially covered in molten scales (AC +1).
You are partially covered in rough black scales (AC +4, Dex -1).
Your skin changes colour to match your surroundings (Stealth).
You are agile. (Dex +2)
You are dopey. (Int -2)
You are frail (-10% HP).
Your magical capacity is low (-10% MP).
You are somewhat resistant to both further mutation and mutation removal.
Your system is resistant to poisons.
You regenerate slowly when monsters are visible.
Your muscles are strong. (Str +2)


Message History

The ghostly fireball engulfs the Hell Sentinel.
The Hell Sentinel partially resists.
The ghostly fireball engulfs the gelid blood saint.
The ghostly fireball engulfs the Tzitzimitl.
The Tzitzimitl partially resists.
The ghostly fireball engulfs Zoviot.
Zoviot appears unharmed.
The ghostly fireball engulfs the Tzitzimitl.
The Tzitzimitl partially resists.
The Tzitzimitl completely misses you. The Tzitzimitl closely misses you.
The Tzitzimitl engulfs you but does no damage.
Your water elemental barely misses the Tzitzimitl.
The Brimstone Fiend calls on the powers of darkness!
Your body is wracked with pain!
* * * LOW HITPOINT WARNING * * *
Read which item? (? for menu, Esc to quit)
Charge which item? (? for menu, Esc to quit)
As you read the scroll of recharging, it crumbles to dust.
Your wand of heal wounds (0/9) glows for a moment and now has 5 charges.
You are engulfed in freezing vapours.
You die...

.. ##.▓
......##...▓▓
............▓▓
...4.§.......▓▓
..§s.3.2§.....▓▓
...33312≈≈≈..∩.▓
.§.s22X61.≈...▓▓
§.61361&12≈..▓▓
..62X66@1E..▓▓
.§..26###≈≈▓▓
....2{ ##≈▓▓
....{{{ #▓▓ ...
▓▓


You could see Zoviot, a Hell Sentinel, 2 Tzitzimimeh, a monstrous demonspawn, 2
Brimstone Fiends, an Ice Fiend, a torturous warmonger, 3 balrugs, a green death,
2 demonspawn, 2 blizzard demons, 2 demonspawn, 2 demonic crawlers, 4 sun demons,
a shadow demon, an infernal demonspawn, 2 large abominations, a hellion, a
neqoxec, a red devil and a friendly water elemental.

Vanquished Creatures
  Cerebov (Pan)
  Antaeus (Coc:7)
  the Royal Jelly (Slime:6)
  Asmodeus (Geh:7)
  Ereshkigal (Tar:7)
  Gloorx Vloq (Pan)
  the Serpent of Hell (Geh:7)
  Lom Lobon (Pan)
  Mnoleg (Pan)
  Dispater (Dis:7)
  A seraph (Pan)
  Mara (Vaults:3)
  Mennas (Pan)
  The ghost of Dickchan the Cruiserweight Champion, a legendary NaBe of Cheibriados (Geh:7)
  7 juggernauts
  3 ancient liches
  Sojobo (Tomb:2)
  Boris (Crypt:2)
  32 greater mummies
  the Lernaean hydra (Swamp:4)
  A shard shrike (Coc:7)
  Norris (Vaults:3)
  3 curse toes
  Saint Roka (Elf:3)
  11 golden dragons
  Geryon (Hell)
  6 Killer Klowns
  Nikola (Vaults:1)
  8 iron giants
  Arachne (Spider:3)
  23 pandemonium lords
  14 bone dragons
  The ghost of SaintRoka the Spry, a veteran HaHu of Dithmenos (Vaults:2)
  11 electric golems
  16 Tzitzimimeh
  5 doom hounds
  Jorgrun (Tomb:1)
  25 Brimstone Fiends
  A hellephant (Abyss:1)
  2 pearl dragons (Pan)
  20 liches
  23 Hell Sentinels
  18 tentacled monstrosities
  11 Ice Fiends
  The ghost of Peloso the Fencer, an adept MiFi of Okawaru (Elf:1)
  16 titans
  2 deep elf master archers (Elf:3)
  50 acid blobs
  2 quicksilver dragons
  2 deep elf blademasters (Elf:3)
  6 eldritch tentacles
  2 quicksilver dragons (shapeshifter) (Zig:19)
  6 death cobs
  27 Executioners
  Frances (D:14)
  Gastronok (D:12)
  14 sphinxes
  Kirke (D:12)
  8 tentacled starspawn
  28 shadow dragons
  5 ancient champions
  11 tengu reavers
  18 storm dragons
  A sphinx (shapeshifter) (Zig:10)
  15 daevas (Pan)
  A shadow dragon (shapeshifter) (Zig:10)
  A thorn hunter (Zig:9)
  7 draconian monks
  23 greater nagas
  An azure jelly (shapeshifter) (Zig:18)
  24 azure jellies
  22 fire giants
  3 deep elf sorcerers
  16 frost giants
  12 vault wardens
  11 orc warlords
  6 revenants
  38 balrugs
  17 cacodemons
  Donald (Spider:3)
  Louise (D:14)
  Wiglaf (Depths:2)
  8 draconian shifters
  2 caustic shrike zombies
  12 draconian knights
  Aizul (Depths:2)
  10 black suns
  17 iron dragons
  7 ghost moths
  4 curse skulls
  2 deep elf elementalists (Vaults:5)
  4 draconian scorchers
  2 juggernaut zombies
  8 emperor scorpions
  6 ghouls (Crypt:2)
  4 draconian zealots (Depths:5)
  63 reapers
  2 draconian callers
  29 angels (Pan)
  15 ophanim (Pan)
  36 very ugly things
  10 draconian annihilators
  13 ironheart preservers
  28 war gargoyles
  8 blood saints
  7 warmongers (Pan)
  3 caustic shrike skeletons (Zig:20)
  A juggernaut skeleton (Zig:20)
  27 stone giants
  9 salamander stormcallers
  29 apis (Pan)
  11 deep elf demonologists
  6 vampire knights
  Nessos (D:14)
  3 chaos champions (Pan)
  3 elemental wellsprings (Coc:7)
  10 mottled draconians
  8 green draconians
  11 purple draconians
  9 red draconians
  16 spark wasps
  5 white draconians
  4 bennus
  14 black draconians
  5 corrupters (Pan)
  6 lorocyprocas
  A spark wasp (shapeshifter) (Depths:5)
  14 deep elf annihilators
  The ghost of Alannah the Basher, a journeyman MiBe of Trog (D:13)
  14 yellow draconians
  2 dire elephants (shapeshifter) (Zig:19)
  4 deep elf death magi
  55 blizzard demons
  26 ettins
  13 fire dragons
  A crystal guardian (Vaults:4)
  6 eidola
  35 mummy priests
  2 merfolk impalers (Zig:16)
  7 merfolk javelineers
  30 green deaths
  13 death oozes
  8 jiangshi
  20 yaktaur captains
  20 vault guards
  5 deep elf high priests
  A minotaur (Lab)
  A kraken zombie (Coc:7)
  18 great orbs of eyes
  2 quicksilver dragon zombies
  Fannar (D:12)
  16 entropy weavers
  6 quicksilver dragon skeletons
  The ghost of SaintRoka the Severer, a journeyman DDFi of Makhleb (Lab)
  20 ice dragons
  2 naga warriors (Zig:21)
  A spectral tengu (Zig:7)
  2 merfolk avatars (Zig:16)
  11 monstrous demonspawn (Pan)
  4 hell beasts
  5 rakshasas
  6 spriggan air magi
  A catoblepas (shapeshifter) (Zig:19)
  31 hydras
  22 ogre magi
  7 centaur warriors
  11 death knights
  3 ghost crabs
  A ghost crab (shapeshifter) (Vaults:5)
  8 tengu warriors
  7 merfolk aquamancers
  An anaconda (shapeshifter) (Zig:18)
  10 vampire magi
  An alligator snapping turtle (Zig:16)
  35 dancing weapons
  5 alligators
  2 death yaks (Lair:3)
  29 hell hogs
  5 deep troll earth magi
  8 deep troll shamans
  2 spriggan berserkers (Depths:3)
  8 shock serpents
  Urug (D:14)
  6 holy swine (Pan)
  12 orc high priests
  10 titan zombies
  12 thrashing horrors
  7 storm dragon zombies
  12 iron golems
  14 hell knights
  11 titan skeletons
  2 naga sharpshooters (Zig:21)
  19 deep elf knights
  17 iron trolls
  Sonja (Lair:2)
  47 soul eaters
  4 spatial maelstroms
  2 salamander mystics
  102 skeletal warriors
  85 death scarabs
  The ghost of GFox the Chopper, a novice VSFi of Okawaru (D:10)
  27 shadow wraiths
  2 fire crabs
  An iron troll (shapeshifter) (Zig:19)
  5 storm dragon skeletons
  2 death drakes (Zig:14)
  77 sun demons
  29 deep trolls
  A death drake (shapeshifter) (Zig:19)
  The ghost of sonic the Thaumaturge, a novice DEFE of Vehumet (D:9)
  16 cherubim (Pan)
  17 swamp dragons
  4 giant orange brains
  3 wretched stars
  A deep troll (shapeshifter) (Zig:10)
  An unseen horror (shapeshifter) (Zig:19)
  6 gelid demonspawn (Pan)
  A giant orange brain (shapeshifter) (Zig:18)
  7 golden dragon zombies
  31 shadow demons
  An obsidian statue (Depths:1)
  3 sea snakes (Zig:16)
  17 wizards
  19 flayed ghosts
  7 unseen horrors
  26 phantasmal warriors
  4 spectral wolf spiders (Spider:4)
  2 naga ritualists (Zig:21)
  2 ghost moth zombies
  4 anaconda skeletons
  8 anaconda zombies
  7 infernal demonspawn (Pan)
  A hill giant (shapeshifter) (Vaults:5)
  4 golden dragon skeletons
  20 anubis guards
  16 harpies
  11 hill giants
  6 shambling mangroves
  22 ironbrand convokers
  18 deep elf archers
  10 putrid demonspawn (Pan)
  6 wolf spider zombies
  5 shadow dragon zombies
  7 iron dragon zombies
  26 orc knights
  31 orb spiders
  16 torturous demonspawn (Pan)
  27 necromancers
  A sphinx zombie (Zig:23)
  3 orb spiders (shapeshifter)
  5 frost giant zombies
  3 sphinx skeletons
  5 griffons
  A mana viper (Zig:21)
  A mana viper (shapeshifter) (Zig:10)
  73 ugly things
  14 orc sorcerers
  53 wolf spiders
  A tengu skeleton (Zig:20)
  73 deep elf magi
  4 shadow dragon skeletons
  9 cyclopes
  9 stone giant zombies
  7 oklob plants (Zig:21)
  A hornet (shapeshifter) (Vaults:3)
  2 worldbinders
  3 fire giant zombies
  6 dire elephant zombies
  17 shining eyes
  12 hornets
  2 sirens (Zig:16)
  A salamander (shapeshifter) (Zig:10)
  11 salamanders
  9 elephants (Lair:3)
  24 sixfirhies
  2 manticores
  5 iron dragon skeletons
  A moth of wrath (shapeshifter) (Zig:5)
  31 moths of wrath
  2 shock serpent zombies
  16 fire giant skeletons
  7 guardian serpents (Zig:21)
  5 spriggan zombies
  10 ice statues
  6 elf zombies
  A spectral elf (Zig:7)
  2 guardian serpents (shapeshifter) (Depths:1)
  16 vault sentinels
  6 stone giant skeletons
  8 torpor snails
  2 octopodes (shapeshifter)
  12 black mambas
  A titan simulacrum (Coc:7)
  39 rust devils
  7 apocalypse crabs
  4 water nymphs (Zig:16)
  61 smoke demons
  6 gargoyles
  18 naga magi
  11 eyes of devastation
  2 dire elephant skeletons
  5 frost giant skeletons
  31 orange demons
  31 spiny frogs
  A black mamba (shapeshifter) (Vaults:5)
  7 centaur skeletons
  11 molten gargoyles (Geh:7)
  A rime drake (shapeshifter) (Vaults:1)
  A catoblepas zombie (Dis:1)
  A yaktaur (shapeshifter) (D:15)
  A white draconian zombie (Crypt:2)
  48 hellions
  5 rime drakes
  10 ancient zymes
  A shock serpent skeleton (Crypt:2)
  58 demonic crawlers
  16 komodo dragons
  2 anaconda simulacra (Coc:7)
  A yellow draconian skeleton (Hell)
  A redback zombie (D:13)
  10 efreet
  53 yaktaurs
  A spriggan druid (Lair:8)
  5 hydra zombies
  36 freezing wraiths
  3 kobold demonologists
  3 elf skeletons
  37 red devils
  6 spectral redbacks (Spider:4)
  22 hellwings
  79 ice devils
  2 tengu conjurers (D:15)
  A queen bee (Spider:4)
  38 tormentors
  A tengu simulacrum (Vaults:5)
  46 guardian mummies
  2 harpy zombies
  A merfolk (shapeshifter) (Zig:18)
  40 jumping spiders
  2 giant leeches (shapeshifter)
  12 trolls
  A yaktaur skeleton (Vaults:1)
  A red draconian skeleton (Crypt:2)
  3 spectral jumping spiders (Spider:4)
  30 two-headed ogres
  2 two-headed ogres (shapeshifter) (Vaults:5)
  6 alligator zombies
  6 hydra skeletons
  21 merfolk (Zig:16)
  4 spectral tarantellas (Spider:4)
  25 ushabtiu
  12 raiju
  A jumping spider zombie (Spider:4)
  A spectral hornet (Spider:4)
  8 polar bears (Lair:8)
  A raiju (shapeshifter) (Vaults:1)
  6 giant leeches
  64 large abominations
  182 slime creatures
  A slime creature (shapeshifter) (Zig:19)
  A shadow dragon simulacrum (Vaults:3)
  25 blink frogs
  2 harpy skeletons (Geh:7)
  Grinder (D:3)
  25 bog bodies
  A fire giant simulacrum (Depths:2)
  9 boulder beetles
  Prince Ribbit (D:8)
  An ice dragon zombie (Hell)
  2 snapping turtles (Zig:16)
  7 ettin zombies
  3 tarantella zombies (Spider:4)
  2 fire dragon zombies
  3 vampires
  A human simulacrum (Vaults:1)
  71 flying skulls
  127 redbacks
  7 air elementals
  18 spriggans
  8 starcursed masses (Abyss:4)
  4 spriggan skeletons
  A black mamba zombie (Crypt:1)
  A spriggan (shapeshifter) (Elf:3)
  4 wyverns
  35 wraiths
  23 shadows
  An alligator skeleton (Hell)
  10 ettin skeletons
  46 ynoxinuls
  17 water elementals
  2 tarantellas (shapeshifter)
  42 tarantellas
  4 ice dragon skeletons
  A dire elephant simulacrum (Hell)
  11 fire elementals
  A redback (shapeshifter) (Zig:18)
  2 basilisks
  19 humans
  39 yaks
  9 fire dragon skeletons
  18 golden eyes
  4 hogs (D:12)
  9 hungry ghosts
  A golden eye (shapeshifter) (Zig:6)
  39 neqoxecs
  9 hippogriffs
  2 black mamba skeletons
  14 spatial vortices
  Grum (D:10)
  2 human zombies
  29 vampire mosquitoes
  38 chaos spawn
  A torturous demonspawn zombie (Coc:7)
  A merfolk zombie (Crypt:2)
  19 wargs
  Menkaure (D:6)
  A soldier ant (shapeshifter) (Depths:1)
  An infernal demonspawn zombie (Dis:7)
  11 insubstantial wisps
  An ogre zombie (Vaults:1)
  A hydra simulacrum (Hell)
  4 mottled dragons
  6 nagas
  18 swamp worms
  A soldier ant (D:13)
  21 water moccasins
  2 spiny frog zombies
  A faun zombie (Crypt:1)
  9 porcupines
  2 spiny frog skeletons
  91 hell hounds
  20 swamp drakes
  A swamp drake (shapeshifter) (Vaults:5)
  96 orc warriors
  An alligator simulacrum (Coc:7)
  10 black bears
  6 snapping turtle zombies
  10 necrophages
  25 eyes of draining
  6 phantoms
  6 sky beasts
  A wasp (shapeshifter) (Vaults:3)
  5 ice beasts
  84 ogres
  18 wasps
  33 wolves
  16 centaurs
  A boggart (Depths:3)
  A manticore skeleton (Crypt:3)
  16 crocodiles
  A swamp dragon skeleton (Geh:7)
  16 small abominations
  3 snapping turtle skeletons
  2 big kobolds
  A giant frog (shapeshifter) (Vaults:5)
  19 giant frogs
  A glowing shapeshifter simulacrum (Depths:2)
  5 earth elementals
  A wyvern skeleton (D:10)
  A spiny frog simulacrum (Hell)
  A komodo dragon skeleton (Crypt:2)
  A warg zombie (Crypt:1)
  4 tengu zombies
  7 scorpions
  An elf simulacrum (Vaults:5)
  39 killer bees
  28 wights
  8 electric eels
  4 howler monkeys
  17 crimson imps
  A wolf skeleton (Crypt:1)
  4 centaur zombies
  3 quasits
  82 jellies
  A giant frog zombie (D:9)
  A wasp zombie (D:13)
  2 draconian simulacra (IceCv)
  6 hounds
  21 orc priests
  A basilisk skeleton (Crypt:2)
  A black bear skeleton (Crypt:2)
  A giant frog skeleton (D:11)
  13 iguanas
  56 iron imps
  Jessica (D:3)
  Terence (D:3)
  29 orc wizards
  3 hell rats (Lair:4)
  A spriggan simulacrum (IceCv)
  A troll simulacrum (IceCv)
  A lightning spire (Zig:16)
  5 worker ants
  28 sheep
  The ghost of SaintRoka the Ruffian, a weakling TrMo (D:3)
  A crocodile zombie (Crypt:1)
  A centaur simulacrum (IceCv)
  A big kobold skeleton (Crypt:2)
  2 ogre skeletons
  88 mummies
  2 worker ant zombies
  3 ogre simulacra (IceCv)
  15 adders
  21 gnolls
  2 naga simulacra (IceCv)
  24 river rats
  8 shadow imps
  29 white imps
  2 ufetubi
  2 oozes
  2 adder zombies
  4 adder skeletons
  2 worms (D:2)
  A ball lightning (Pan)
  5 dart slugs
  5 giant geckos
  87 orcs
  A ball python (D:3)
  2 giant cockroaches
  18 hobgoblins
  8 jackals
  6 quokkas
  A ball python skeleton (Crypt:1)
  8 bats
  2 giant gecko skeletons
  A giant gecko zombie (D:5)
  9 giant newts
  7 goblins
  28 kobolds
  2 kobold zombies
  An orc skeleton (Abyss:5)
  An orc zombie (Geh:7)
  9 rats
  A briar patch (Zig:9)
  4 crawling corpses (Vaults:5)
  6 fire vortices
  16 fungi
  6 lost souls (Zig:19)
  A lurking horror (Abyss:1)
  8 plants
  9 starspawn tentacles
  4 withered plants (Crypt:3)
6468 creatures vanquished.

Vanquished Creatures (collateral kills)
  A juggernaut (Zig:15)
  3 acid blobs
  A shadow dragon (Vaults:5)
  A draconian monk (Zig:11)
  An iron dragon (Zig:23)
  A juggernaut zombie (Zig:23)
  An angel (Pan)
  A very ugly thing (Zig:10)
  4 vault guards (Vaults:5)
  2 blizzard demons
  2 death oozes
  3 hydras
  A hell beast (Zig:18)
  An iron golem (Dis:7)
  A spriggan (Zig:13)
  A soul eater (Pan)
  A spriggan druid (Zig:13)
  A hill giant (Zig:12)
  A phantasmal warrior (Zig:20)
  An obsidian statue (Zig:11)
  A mana viper (Zig:21)
  A cyclops (Zig:12)
  A sixfirhy (Zig:18)
  A shock serpent zombie (Tar:7)
  A kobold demonologist (D:14)
  A tormentor (Zig:18)
  An ice devil (Pan)
  A hellwing (Zig:18)
  A troll (Zig:15)
  A golden eye (Zig:15)
  A naga (Zig:21)
  A swamp drake (Zig:14)
  A wasp (Zig:13)
  An ogre (Zig:15)
  7 jellies
  2 orc wizards
  A shadow imp (Tar:7)
53 creatures vanquished.

Vanquished Creatures (others)
  A Killer Klown (Zig:10)
  An ancient champion (Tomb:2)
  A storm dragon (Zot:1)
  A tengu reaver (Tomb:2)
  A thorn hunter (Zig:14)
  A frost giant (Coc:7)
  A deep elf sorcerer (Zig:14)
  A draconian scorcher (Depths:5)
  2 draconian zealots
  An elemental wellspring (Coc:7)
  A stone giant (Zig:10)
  An apis (shapeshifter) (Zig:19)
  A dire elephant (shapeshifter) (Zig:19)
  2 vault guards (Vaults:5)
  2 green deaths
  2 spriggan air magi (Zig:22)
  A hydra (Zig:13)
  An ogre mage (Vaults:2)
  2 hell hogs (Geh:7)
  A storm dragon zombie (Tomb:2)
  A deep elf knight (Elf:2)
  A shock serpent (Zig:22)
  A skeletal warrior (Tomb:2)
  2 death scarabs
  A wizard (Pan)
  A spriggan druid (Swamp:4)
  A swamp dragon (Zig:14)
  An anubis guard (Tomb:2)
  3 deep elf magi
  A frost giant skeleton (Geh:7)
  An apocalypse crab (Zig:19)
  2 smoke demons (Pan)
  A spiny frog (Zig:13)
  A demonic crawler (Spider:2)
  A yaktaur (Vaults:5)
  An ushabti (Tomb:2)
  12 flying skulls
  An air elemental (Zig:22)
  A chaos spawn (Pan)
  2 insubstantial wisps (Zig:14)
  A warg (Vaults:5)
  2 orc warriors
  3 swamp drakes
  A wasp (Zig:9)
  An ogre (Vaults:3)
  An orc priest (Depths:2)
  An iron imp (Dis:7)
  A small abomination (Abyss:3)
  3 mummies
  A naga simulacrum (Tomb:3)
  13 ball lightnings (Pan)
  7 briar patches
  26 eldritch tentacle segments
  10 fungi
  6 lost souls
  12 plants
  13 starspawn tentacles
  64 starspawn tentacle segments
  31 withered plants (Crypt:3)
258 creatures vanquished.

Grand Total: 6779 creatures vanquished

Notes
Turn   | Place    | Note
--------------------------------------------------------------
     0 | D:1      | slumpy the Formicid Fighter began the quest for the Orb.
     0 | D:1      | Reached XP level 1. HP: 18/18 MP: 1/1
   136 | D:1      | Reached XP level 2. HP: 23/24 MP: 2/2
   289 | D:1      | Reached XP level 3. HP: 25/30 MP: 3/3
   818 | D:2      | Reached XP level 4. HP: 31/37 MP: 4/4
  1516 | D:2      | Reached skill level 1 in Dodging
  1550 | D:2      | Reached XP level 5. HP: 38/42 MP: 5/5
  1625 | D:2      | Found a deep blue altar of Sif Muna.
  2272 | D:3      | Noticed Grinder
  2523 | D:3      | Killed Grinder
  2523 | D:3      | Reached skill level 1 in Stealth
  2523 | D:3      | Reached skill level 5 in Shields
  2523 | D:3      | Reached XP level 6. HP: 27/50 MP: 6/6
  2926 | D:3      | Reached XP level 7. HP: 30/55 MP: 7/7
  2939 | D:3      | Noticed Jessica
  2946 | D:3      | Killed Jessica
  3240 | D:3      | Reached skill level 5 in Fighting
  3290 | D:3      | Noticed Terence
  3301 | D:3      | Killed Terence
  3317 | D:3      | Noticed SaintRoka's ghost (weakling TrMo)
  3331 | D:3      | Killed SaintRoka's ghost
  3520 | D:4      | Reached skill level 5 in Armour
  3581 | D:4      | Got a twisted buckler
  3609 | D:4      | Identified the +1 buckler of the Land of Plenty {rN+} (You found it on level 4 of the Dungeon)
  3781 | D:3      | You fall through a shaft for 3 floors!
  4212 | D:6      | Found a radiant altar of Vehumet.
  4267 | D:5      | Entered Level 5 of the Dungeon
  4369 | D:5      | Reached XP level 8. HP: 62/63 MP: 8/8
  4788 | D:4      | Found Ciugeil's Weapon Shop.
  4791 | D:4      | Bought a +0 battleaxe for 91 gold pieces
  5028 | D:5      | Gained mutation: Scrolls take you a little longer to read. [mutagenic meat]
  5029 | D:5      | Gained mutation: You are partially covered in rough black scales (AC +4, Dex -1). [mutagenic meat]
  5030 | D:5      | Gained mutation: Your system is resistant to poisons. [mutagenic meat]
  5031 | D:5      | Gained mutation: Your skin changes colour to match your surroundings (Stealth). [mutagenic meat]
  5203 | D:5      | Reached skill level 5 in Axes
  5276 | D:5      | Reached XP level 9. HP: 31/69 MP: 9/9
  5291 | D:5      | Gained mutation: You are agile. (Dex +2) [mutagenic meat]
  5292 | D:5      | Gained mutation: You are robust (+10% HP). [mutagenic meat]
  5294 | D:5      | Lost mutation: Scrolls take you a little longer to read. [mutagenic meat]
  6074 | D:6      | Found a basalt altar of Yredelemnul.
  6093 | D:6      | Got a clouded bone ring
  6095 | D:6      | Identified the ring "Himocurgha" {*Drain rN+ MP+9 Str+4} (You found it on level 6 of the Dungeon)
  6155 | D:6      | Noticed blejac99's ghost (novice HESk)
  6544 | D:6      | Noticed Menkaure
  6548 | D:6      | Killed Menkaure
  6683 | D:6      | Found a staircase to the Ecumenical Temple.
  6692 | Temple   | Entered the Ecumenical Temple
  6735 | Temple   | Became a worshipper of Warmaster Okawaru
  7089 | D:7      | Learned a level 5 spell: Silence
  7228 | D:7      | Found Joselud's Weapon Shoppe.
  7231 | D:7      | Bought a +1 battleaxe of chopping for 250 gold pieces
  7252 | D:7      | Reached * piety under Okawaru
  7252 | D:7      | Reached skill level 10 in Shields
  7422 | D:8      | Reached XP level 10. HP: 86/86 MP: 10/10
  7503 | D:8      | Found a shadowy altar of Dithmenos.
  7536 | D:8      | Noticed Prince Ribbit
  7603 | D:8      | Reached skill level 1 in Invocations
  7635 | D:8      | Killed Prince Ribbit
  7805 | D:8      | Reached ** piety under Okawaru
  7893 | D:8      | Found a shattered altar of Ashenzari.
  7929 | D:8      | Found a glowing silver altar of Zin.
  8220 | D:9      | Found a flagged portal.
  8227 | Bailey   | Entered a bailey
  8564 | D:9      | Noticed sonic's ghost (novice DEFE)
  8582 | D:9      | Killed sonic's ghost
  8667 | D:9      | Found a shimmering altar of Xom.
  8697 | D:9      | Found a staircase to the Lair.
  8701 | D:9      | Found a snail-covered altar of Cheibriados.
  8709 | D:9      | Found a stormy altar of Qazlal.
  8772 | D:9      | Reached *** piety under Okawaru
  8785 | D:9      | Reached XP level 11. HP: 95/95 MP: 13/13
  9190 | Lair:1   | Entered Level 1 of the Lair of Beasts
  9222 | D:10     | Entered Level 10 of the Dungeon
  9291 | D:10     | Found a staircase to the Orcish Mines.
  9407 | D:10     | Got a shimmering silver ring
  9409 | D:10     | Identified the ring of Piybircha {*Tele rC+ Int-4 Dex+2} (You found it on level 10 of the Dungeon)
  9445 | D:10     | Gained mutation: You have sharp toenails. [potion of beneficial mutation]
  9446 | D:10     | Gained mutation: You are partially covered in molten scales (AC +1). [potion of beneficial mutation]
  9645 | D:10     | Noticed Grum
  9690 | D:10     | Killed Grum
  9690 | D:10     | Reached skill level 5 in Invocations
  9783 | D:10     | Noticed a hill giant
  9793 | D:10     | Killed a hill giant
  9793 | D:10     | Reached **** piety under Okawaru
  9829 | D:10     | Noticed GFox's ghost (novice VSFi)
  9839 | D:10     | Killed GFox's ghost
  9904 | D:11     | Received a gift from Okawaru
 10218 | Orc:1    | Entered Level 1 of the Orcish Mines
 10338 | Orc:1    | Found a roughly hewn altar of Beogh.
 10365 | Orc:1    | Found Saliod's Armour Shop.
 10407 | Orc:1    | Found a roughly hewn altar of Beogh.
 10736 | Orc:2    | Entered Level 2 of the Orcish Mines
 10738 | Orc:2    | Noticed an orc knight
 10746 | Orc:2    | Received a gift from Okawaru
 10765 | Orc:1    | Killed an orc knight
 11108 | Orc:2    | Noticed an orc sorcerer
 11123 | Orc:1    | Reached XP level 12. HP: 97/106 MP: 16/16
 11338 | Orc:2    | Found Sass's General Store.
 11356 | Orc:2    | Noticed an ettin
 11517 | Lair:1   | Reached skill level 10 in Fighting
 11528 | Lair:1   | Reached ***** piety under Okawaru
 11792 | Lair:1   | Got a smoking glass ring
 11794 | Lair:1   | Identified the ring of Duicogof {rPois rF+ AC+2 Dex+5} (You found it on level 1 of the Lair of Beasts)
 11927 | Lair:1   | Received a gift from Okawaru
 12021 | Lair:1   | Noticed a six-headed hydra
 12035 | Lair:1   | Killed a seven-headed hydra
 12447 | Lair:2   | Noticed Sonja
 12461 | Lair:2   | Killed Sonja
 13270 | Lair:3   | Reached XP level 13. HP: 97/115 MP: 18/18
 13341 | Lair:3   | Received a gift from Okawaru
 13342 | Lair:3   | Got a pair of pitted gloves {god gift}
 13348 | Lair:3   | Identified the +0 pair of gloves of Hoillukuy {rN++ Str+6} (Okawaru gifted it to you on level 3 of the Lair of Beasts)
 13539 | Lair:3   | Reached skill level 10 in Axes
 14382 | Lair:4   | Noticed a five-headed hydra
 14390 | Lair:4   | Killed a five-headed hydra
 14712 | Lair:4   | Reached skill level 15 in Shields
 14894 | Lair:4   | Noticed an eight-headed hydra
 14905 | Lair:4   | Killed an eight-headed hydra
 15074 | Lair:5   | Found a staircase to the Swamp.
 15097 | Lair:5   | Found a hole to the Spider Nest.
 15106 | Lair:5   | Received a gift from Okawaru
 15130 | Lair:5   | Noticed an ice dragon
 15230 | Lair:5   | Reached XP level 14. HP: 116/127 MP: 20/20
 15801 | Lair:6   | Found a labyrinth entrance.
 15825 | Lab      | Entered a labyrinth
 16149 | Lab      | Noticed SaintRoka's ghost (journeyman DDFi)
 17512 | Lab      | Killed SaintRoka's ghost
 17737 | Lab      | Received a gift from Okawaru
 17761 | Lab      | Got a crude tin ring
 17789 | Lair:6   | Identified the ring "Rif Bor" {*Tele rPois rN+ Int-3 Slay+3} (You found it in a labyrinth)
 17878 | Lair:6   | You are sucked into a shaft!
 18046 | Lair:7   | Found a staircase to the Slime Pits.
 18652 | Lair:8   | Entered Level 8 of the Lair of Beasts
 19115 | Lair:8   | Reached XP level 15. HP: 99/136 MP: 21/21
 19172 | Lair:8   | Received a gift from Okawaru
 19174 | Lair:8   | Got a crude hand crossbow {god gift}
 19217 | Lair:8   | Identified the +1 hand crossbow "Orir" {penet, *Contam rF+ rN++ MP+9} (Okawaru gifted it to you on level 8 of the Lair of Beasts)
 19241 | Lair:8   | Gained mutation: You expend magic power (3 MP) to strengthen your wands. [mutagenic glow]
 20181 | Spider:1 | Entered Level 1 of the Spider Nest
 20181 | Spider:1 | Noticed an emperor scorpion
 20189 | Spider:1 | Reached skill level 5 in Dodging
 20215 | Lair:5   | Killed an emperor scorpion
 20404 | Orc:2    | Reached ****** piety under Okawaru
 20436 | Orc:2    | Noticed an orc warlord
 20706 | Orc:2    | Killed an orc warlord
 20706 | Orc:2    | Reached skill level 10 in Armour
 20778 | Orc:2    | Found Zewu's Antique Weapon Boutique.
 20889 | Orc:2    | Found Pircheid's Weapon Shoppe.
 21098 | Orc:2    | Found Zathom's Antique Armour Shoppe.
 21108 | Orc:2    | Bought a glowing plate armour for 759 gold pieces
 21144 | Orc:2    | Found a staircase to the Elven Halls.
 21205 | Orc:2    | Found Dazubuac's Book Boutique.
 21232 | Orc:2    | Bought a book of Burglary for 1050 gold pieces
 21235 | Orc:2    | Learned a level 2 spell: Swiftness
 21240 | Orc:2    | Learned a level 4 spell: Passage of Golubria
 21958 | D:12     | Noticed Gastronok
 21978 | D:12     | Killed Gastronok
 21978 | D:12     | Received a gift from Okawaru
 21999 | D:12     | Noticed Fannar
 22016 | D:12     | Killed Fannar
 22016 | D:12     | Reached XP level 16. HP: 112/147 MP: 22/22
 22319 | D:12     | Learned a level 2 spell: Cure Poison
 22321 | D:12     | Learned a level 1 spell: Sting
 22372 | D:12     | Found a frozen archway.
 22388 | IceCv    | Entered an ice cave
 22586 | IceCv    | Reached skill level 15 in Fighting
 23131 | IceCv    | Got a polished hand crossbow
 23132 | IceCv    | Identified the +4 hand crossbow "Luablelehu" {elec, Str+5 Int+3} (You found it in an ice cave)
 23228 | D:12     | Noticed Kirke
 23240 | D:12     | Killed Kirke
 23362 | D:13     | Noticed Alannah's ghost (journeyman MiBe)
 23378 | D:13     | Killed Alannah's ghost
 23691 | D:13     | Got a bloodstained long sword
 23692 | D:13     | Identified the cursed +1 long sword "Fiuff" {flame, rPois} (You found it on level 13 of the Dungeon)
 24172 | D:14     | Noticed Urug
 24190 | D:14     | Killed Urug
 24241 | D:14     | Received a gift from Okawaru
 24244 | D:14     | Got a steaming cloak {god gift}
 24255 | D:14     | Identified the +2 cloak of Sorcery {+Inv rPois} (Okawaru gifted it to you on level 14 of the Dungeon)
 24331 | D:14     | Found a gate to the Vaults.
 24425 | D:14     | Found a shimmering altar of Xom.
 24454 | D:14     | Noticed Louise
 24478 | D:14     | Killed Louise
 24526 | D:14     | Noticed Nessos
 24540 | D:14     | Killed Nessos
 24787 | D:14     | Noticed Frances
 24799 | D:15     | Entered Level 15 of the Dungeon
 25014 | D:15     | Received a gift from Okawaru
 25014 | D:15     | Reached XP level 17. HP: 158/158 MP: 23/23
 25417 | D:15     | Found a staircase to the Depths.
 26263 | Spider:1 | Received a gift from Okawaru
 26291 | Spider:1 | Got a scorched triple crossbow {god gift}
 26292 | Spider:1 | Identified the +2 triple crossbow of Malaise {flame, Dex+4} (Okawaru gifted it to you on level 1 of the Spider Nest)
 27055 | Spider:2 | Reached skill level 1 in Charms
 27116 | Spider:2 | Reached skill level 1 in Air Magic
 27197 | Spider:2 | Reached skill level 1 in Crossbows
 27289 | Spider:2 | Reached XP level 18. HP: 79/168 MP: 14/25
 27549 | Spider:2 | You are sucked into a shaft!
 28004 | Spider:3 | Noticed Donald
 28011 | Spider:3 | Killed Donald
 28020 | Spider:3 | Noticed Arachne
 28034 | Spider:3 | Killed Arachne
 28122 | Spider:3 | Received a gift from Okawaru
 28123 | Spider:3 | Got a pitted war axe {god gift}
 28124 | Spider:3 | Identified the +6 war axe "Mely" {chop, rC+ rN+ MP+9} (Okawaru gifted it to you on level 3 of the Spider Nest)
 29024 | Spider:4 | Entered Level 4 of the Spider Nest
 29102 | Spider:4 | Reached skill level 15 in Axes
 29556 | Spider:4 | Received a gift from Okawaru
 29909 | Spider:4 | Reached skill level 5 in Charms
 30227 | Spider:4 | Reached XP level 19. HP: 159/174 MP: 0/26
 30509 | Spider:4 | Reached skill level 1 in Spellcasting
 30615 | Spider:4 | Got a gossamer rune of Zot
 31030 | Spider:2 | Received a gift from Okawaru
 31044 | Spider:2 | Learned a level 3 spell: Conjure Flame
 31049 | Spider:2 | Learned a level 4 spell: Sticky Flame
 32415 | Swamp:1  | Entered Level 1 of the Swamp
 32668 | Swamp:1  | Reached skill level 5 in Air Magic
 33333 | Swamp:2  | Identified 3 scrolls of acquirement
 33665 | Swamp:3  | Received a gift from Okawaru
 33666 | Swamp:3  | Got a twisted lajatang {god gift}
 33687 | Swamp:3  | Identified the +7 lajatang "Usot" {flame, rC++} (Okawaru gifted it to you on level 3 of the Swamp)
 33765 | Swamp:3  | Reached skill level 1 in Evocations
 34239 | Swamp:4  | Entered Level 4 of the Swamp
 34297 | Swamp:4  | Reached XP level 20. HP: 148/184 MP: 23/27
 34324 | Swamp:4  | Noticed the 27-headed Lernaean hydra
 34331 | Swamp:4  | Killed the 21-headed Lernaean hydra
 34331 | Swamp:4  | Received a gift from Okawaru
 34354 | Swamp:4  | Got a decaying rune of Zot
 35193 | Elf:1    | Entered Level 1 of the Elven Halls
 35324 | Elf:1    | Learned a level 6 spell: Deflect Missiles
 35420 | Elf:1    | Found Soeleap's Weapon Shop.
 35509 | Elf:1    | Noticed Peloso's ghost (adept MiFi)
 35530 | Elf:1    | Killed Peloso's ghost
 35847 | Elf:1    | Received a gift from Okawaru
 35894 | Elf:1    | Reached skill level 5 in Spellcasting
 35916 | Elf:1    | Noticed an Ice Fiend
 36250 | Elf:1    | Reached skill level 10 in Dodging
 36609 | Elf:2    | Found a runed gate.
 36609 | Elf:2    | Found a runed gate.
 36610 | Elf:2    | Found a runed gate.
 36900 | Elf:2    | Reached XP level 21. HP: 193/193 MP: 28/28
 37384 | Elf:3    | Entered Level 3 of the Elven Halls
 37458 | Elf:3    | Noticed Saint Roka
 37484 | Elf:3    | Killed Saint Roka
 37848 | Elf:3    | Noticed a Brimstone Fiend
 38235 | Elf:3    | Noticed a Tzitzimitl
 38266 | Elf:3    | Received a gift from Okawaru
 38726 | Elf:3    | Noticed a Tzitzimitl
 38747 | Elf:3    | Got a crude trident {flame}
 38748 | Elf:3    | Identified the cursed +0 trident "Weizun" {flame, rPois rC+ Str+4} (You took it off a deep elf annihilator on level 3 of the Elven Halls)
 38836 | Elf:3    | HP: 8/194 [hellion/damnation[a deep elf demonologist] (33)]
 39144 | Elf:3    | Identified the Papyrus of the Arsonist (You found it on level 3 of the Elven Halls)
 39152 | Elf:3    | Got a sparkling turquoise ring
 39155 | Elf:3    | Got a translucent great mace
 39156 | Elf:3    | Identified the cursed +1 great mace of Courage {crush, Fragile rF+ rN+ Dex+2} (You found it on level 3 of the Elven Halls)
 39172 | Elf:3    | Got a steaming chain mail
 39183 | Elf:3    | Identified the +7 chain mail "Qiepn" {rF- rC+ rCorr Stlth+} (You found it on level 3 of the Elven Halls)
 39227 | Elf:3    | Identified the ring "Bill" {+Blink rElec rC- MP+9 Stlth+} (You took it off a deep elf master archer on level 3 of the Elven Halls)
 39357 | Elf:3    | Got a slimy cloak
 39363 | Elf:3    | Identified the +2 cloak of the Ward {rElec MR- Regen+ Str+2} (You found it on level 3 of the Elven Halls)
 39963 | D:14     | Killed Frances
 40142 | Vaults:1 | Entered Level 1 of the Vaults
 40228 | Vaults:1 | Received a gift from Okawaru
 40561 | Vaults:1 | Reached XP level 22. HP: 178/203 MP: 29/29
 40653 | Vaults:1 | Noticed Nikola
 40677 | Vaults:1 | Killed Nikola
 40677 | Vaults:1 | Received a gift from Okawaru
 40940 | Vaults:1 | Received a gift from Okawaru
 41267 | Vaults:1 | Found Ahakahe's Magic Scroll Boutique.
 41633 | Vaults:2 | Noticed SaintRoka's ghost (veteran HaHu)
 41911 | Vaults:2 | Received a gift from Okawaru
 42127 | Vaults:2 | Found a shimmering altar of Xom.
 42257 | Vaults:2 | Got a pair of jewelled gloves
 42268 | Vaults:2 | Identified the +3 pair of gloves of the Salmon {rPois Str-2 Stlth+} (You acquired it on level 2 of the Vaults)
 42563 | Vaults:2 | Killed SaintRoka's ghost
 42747 | Vaults:3 | Received a gift from Okawaru
 42874 | Vaults:3 | Reached XP level 23. HP: 211/211 MP: 30/30
 43230 | Vaults:3 | Found a staircase to the Crypt.
 43230 | Vaults:3 | Found an ancient bone altar of Kikubaaqudgha.
 43231 | Vaults:3 | Found a basalt altar of Yredelemnul.
 43237 | Crypt:1  | Entered Level 1 of the Crypt
 44150 | Crypt:2  | Received a gift from Okawaru
 44158 | Crypt:2  | Reached skill level 10 in Invocations
 45008 | Crypt:3  | Entered Level 3 of the Crypt
 45381 | Crypt:3  | Reached XP level 24. HP: 221/221 MP: 30/30
 45443 | Crypt:3  | Received a gift from Okawaru
 45466 | Crypt:3  | Found a staircase to the Tomb.
 45671 | Crypt:3  | Got a heavily runed chain mail
 45672 | Crypt:3  | Identified the +6 chain mail "Ucoumoqu" {rPois rN+ Str+3 Int+3} (You found it on level 3 of the Crypt)
 45785 | Tomb:1   | Entered Level 1 of the Tomb of the Ancients
 45832 | Tomb:1   | Noticed Jorgrun
 45843 | Tomb:1   | Killed Jorgrun
 46269 | Tomb:1   | Noticed a greater mummy
 46286 | Tomb:1   | Killed a greater mummy
 46308 | Tomb:1   | Noticed a greater mummy
 46333 | Tomb:1   | Killed a greater mummy
 46333 | Tomb:1   | Reached skill level 15 in Armour
 46335 | Tomb:1   | Noticed a greater mummy
 46374 | Tomb:1   | Gained mutation: Your magical capacity is low (-10% MP). [mutagenic glow]
 46656 | Tomb:1   | Killed a greater mummy
 46815 | Tomb:1   | Noticed a greater mummy
 46872 | Tomb:1   | Killed a greater mummy
 47102 | Tomb:1   | Received a gift from Okawaru
 47106 | Tomb:1   | Got a polished war axe {god gift}
 47107 | Tomb:1   | Identified the +6 war axe of Valour {freeze, Str+3} (Okawaru gifted it to you on level 1 of the Tomb of the Ancients)
 47315 | Tomb:1   | Got a scorched blowgun
 47316 | Tomb:1   | Identified the +1 blowgun "Leigeabi" {speed, rF+ rC+} (You found it on level 1 of the Tomb of the Ancients)
 47616 | Tomb:2   | Noticed a greater mummy
 47616 | Tomb:2   | Noticed a greater mummy
 47616 | Tomb:2   | Noticed a greater mummy
 47616 | Tomb:2   | Noticed a greater mummy
 47889 | Tomb:1   | Killed a greater mummy
 48401 | Crypt:1  | You are sucked into a shaft!
 48452 | Crypt:1  | You are sucked into a shaft!
 48474 | Crypt:1  | You are sucked into a shaft!
 48513 | Crypt:1  | You are sucked into a shaft!
 48547 | Crypt:1  | You are sucked into a shaft!
 48559 | Crypt:1  | You are sucked into a shaft!
 48609 | Crypt:1  | You are sucked into a shaft!
 48647 | Crypt:1  | You are sucked into a shaft!
 48670 | Crypt:1  | You are sucked into a shaft!
 48694 | Crypt:1  | You are sucked into a shaft!
 48710 | Crypt:1  | You are sucked into a shaft!
 48752 | Crypt:1  | You are sucked into a shaft!
 48775 | Crypt:1  | You are sucked into a shaft!
 48818 | Crypt:1  | You are sucked into a shaft!
 49003 | Crypt:1  | You are sucked into a shaft!
 49028 | Crypt:1  | You are sucked into a shaft!
 49046 | Crypt:1  | You are sucked into a shaft!
 49075 | Crypt:1  | You are sucked into a shaft!
 49095 | Crypt:1  | You are sucked into a shaft!
 49122 | Crypt:1  | You are sucked into a shaft!
 49122 | Crypt:2  | Noticed Boris
 49138 | Crypt:2  | Killed Boris
 49138 | Crypt:2  | Reached XP level 25. HP: 219/219 MP: 27/27
 49142 | Crypt:2  | Reached XP level 26. HP: 226/226 MP: 27/27
 49258 | Crypt:2  | You are sucked into a shaft!
 49314 | Crypt:3  | Received a gift from Okawaru
 49823 | Crypt:3  | Identified Kanouwk's Tome of Flames (You found it on level 3 of the Crypt)
 49832 | Crypt:3  | Learned a level 7 spell: Delayed Fireball
 49915 | Crypt:3  | Found an ancient bone altar of Kikubaaqudgha.
 49934 | Crypt:3  | Received a gift from Okawaru
 49963 | Crypt:3  | Noticed an ancient lich
 49993 | Crypt:3  | Killed an ancient lich
 50032 | Crypt:3  | Learned a level 1 spell: Apportation
 50468 | Tomb:1   | Killed a greater mummy
 50596 | Tomb:1   | Killed a greater mummy
 50658 | Tomb:2   | Noticed Sojobo
 50668 | Tomb:1   | Killed a greater mummy
 50820 | Crypt:3  | Received a gift from Okawaru
 51111 | Vaults:3 | Noticed Norris
 51127 | Vaults:3 | Killed Norris
 51136 | Vaults:3 | Received a gift from Okawaru
 51460 | Vaults:3 | Noticed Mara
 51461 | Vaults:3 | Noticed slumpy's illusion
 51485 | Vaults:3 | Killed Mara
 51796 | Vaults:4 | Reached XP level 27. HP: 243/247 MP: 27/27
 52402 | Vaults:4 | Found Onkaci's Armour Emporium.
 52419 | Vaults:4 | Found Cesothyj's Jewellery Emporium.
 52443 | Vaults:4 | Bought the amulet "Saorhi" {*Corrode rF+ Regen+ Slay+3} for 663 gold pieces
 52562 | Vaults:4 | Reached skill level 15 in Dodging
 53816 | Tomb:2   | Killed Sojobo
 54286 | Tomb:1   | Noticed a greater mummy
 54286 | Tomb:1   | Noticed a greater mummy
 54296 | Tomb:1   | Noticed a greater mummy
 54298 | Tomb:1   | Killed a greater mummy
 54301 | Tomb:1   | Killed a greater mummy
 54301 | Tomb:1   | Received a gift from Okawaru
 54307 | Tomb:1   | Got a polished chain mail {god gift}
 54321 | Tomb:1   | Killed a greater mummy
 54330 | Tomb:1   | Noticed a greater mummy
 54337 | Tomb:1   | Killed a greater mummy
 54402 | Tomb:1   | Noticed a greater mummy
 54423 | Tomb:1   | You are sucked into a shaft!
 54667 | Tomb:1   | Killed a greater mummy
 54779 | Tomb:1   | Noticed a greater mummy
 54828 | Tomb:1   | Killed a greater mummy
 54966 | Tomb:1   | Noticed a greater mummy
 54978 | Tomb:1   | Killed a greater mummy
 55012 | Tomb:1   | Noticed a greater mummy
 55012 | Tomb:1   | Noticed a greater mummy
 55061 | Tomb:1   | You are sucked into a shaft!
 55252 | Tomb:1   | Killed a greater mummy
 55306 | Tomb:1   | Killed a greater mummy
 55322 | Tomb:1   | Noticed a greater mummy
 55335 | Tomb:1   | Killed a greater mummy
 55335 | Tomb:1   | Reached skill level 1 in Long Blades
 55353 | Tomb:1   | Noticed a greater mummy
 55364 | Tomb:1   | Killed a greater mummy
 55782 | Tomb:3   | Entered Level 3 of the Tomb of the Ancients
 55784 | Tomb:3   | Got a bound lead ring
 55813 | Tomb:3   | Noticed a greater mummy
 55813 | Tomb:3   | Noticed a greater mummy
 55929 | Tomb:2   | Identified the +1 chain mail of Tiddobir {+Inv rC+} (Okawaru gifted it to you on level 1 of the Tomb of the Ancients)
 55942 | Tomb:2   | Identified the ring of Soates {Ice *Contam *Confuse MR+ Dex+6} (You found it on level 3 of the Tomb of the Ancients)
 56073 | Tomb:3   | Noticed a greater mummy
 56270 | Tomb:3   | Noticed a greater mummy
 56288 | Tomb:2   | Killed a greater mummy
 56290 | Tomb:2   | Killed a greater mummy
 56501 | Tomb:2   | Killed a greater mummy
 56501 | Tomb:2   | Received a gift from Okawaru
 57453 | Depths:1 | Entered Level 1 of the Depths
 57529 | Depths:1 | Learned a level 2 spell: Repel Missiles
 57839 | Depths:1 | Received a gift from Okawaru
 57840 | Depths:1 | Got a dazzling large shield {god gift}
 57898 | Depths:1 | Identified the +6 large shield "Patir" {rCorr Dex+3 Stlth-} (Okawaru gifted it to you on level 1 of the Depths)
 58032 | Depths:1 | Found a one-way gate to the infinite horrors of the Abyss.
 58303 | Depths:1 | Found a gateway to Hell.
 58765 | Depths:2 | Noticed Aizul
 58774 | Depths:2 | Killed Aizul
 58995 | Depths:2 | Reached skill level 5 in Long Blades
 59404 | Depths:2 | Noticed Wiglaf
 59417 | Depths:2 | Killed Wiglaf
 59597 | Depths:2 | Found a roughly hewn altar of Beogh.
 59611 | Depths:2 | Received a gift from Okawaru
 60492 | Tomb:1   | Received a gift from Okawaru
 61529 | Tomb:3   | Killed a greater mummy
 61577 | Tomb:3   | Noticed a greater mummy
 61589 | Tomb:3   | Killed a greater mummy
 61619 | Tomb:3   | Lost mutation: You expend magic power (3 MP) to strengthen your wands. [helix card]
 61634 | Tomb:3   | Drew Focus: Str increased to 27, Dex decreased to 12
 61783 | Tomb:3   | Identified a +9 rod of shadows (11/11) (You found it on level 3 of the Tomb of the Ancients)
 61842 | Tomb:3   | Got a twisted quarterstaff
 61843 | Tomb:3   | Identified the +10 quarterstaff of Gewauleacu {crush, Dex+2 Stlth+} (You found it on level 3 of the Tomb of the Ancients)
 61854 | Tomb:3   | Got an ancient scimitar
 61855 | Tomb:3   | Identified the +9 scimitar of Peril {slice, +Inv} (You found it on level 3 of the Tomb of the Ancients)
 61859 | Tomb:3   | Got a crystal short sword
 61860 | Tomb:3   | Identified the +5 short sword "Rieq" {pierce, rPois rN+ MR+ Int-2} (You found it on level 3 of the Tomb of the Ancients)
 61868 | Tomb:3   | Learned a level 2 spell: Shroud of Golubria
 61933 | Tomb:3   | Noticed a greater mummy
 61935 | Tomb:3   | Noticed a greater mummy
 61945 | Tomb:3   | Killed a greater mummy
 61949 | Tomb:3   | Killed a greater mummy
 61949 | Tomb:3   | Reached skill level 1 in Maces & Flails
 61950 | Tomb:3   | Noticed a greater mummy
 61968 | Tomb:3   | Noticed a greater mummy
 61980 | Tomb:3   | Killed a greater mummy
 62040 | Tomb:3   | Killed a greater mummy
 62659 | Tomb:3   | Got a golden rune of Zot
 62857 | Tomb:3   | Got a scorched iron ring
 62858 | Tomb:3   | Identified the ring of the Devil {rPois Stlth-} (You found it on level 3 of the Tomb of the Ancients)
 64102 | Vaults:5 | Entered Level 5 of the Vaults
 64118 | Vaults:5 | Reached skill level 5 in Maces & Flails
 64127 | Vaults:5 | Received a gift from Okawaru
 64177 | Vaults:5 | Received a gift from Okawaru
 64305 | Vaults:5 | Received a gift from Okawaru
 64415 | Vaults:5 | Got an uncursed ancient flail {freeze}
 64489 | Vaults:5 | Reached skill level 5 in Evocations
 64537 | Vaults:5 | Got a crude shortbow
 64548 | Vaults:5 | Got a fine flail {crush}
 64549 | Vaults:5 | Identified the +9 flail "Arec" {crush, *Noise rF++ Str+8 Dex-5} (You took it off a tengu reaver on level 5 of the Vaults)
 64550 | Vaults:5 | Identified the +8 flail "Loedoex" {freeze, rF- rC- rN+++ SInv} (You took it off a vault warden on level 5 of the Vaults)
 64584 | Vaults:5 | Got a pitted whip
 64585 | Vaults:5 | Identified the +6 whip of Digac {slash, Int+3} (You found it on level 5 of the Vaults)
 64653 | Vaults:5 | Identified a +2 rod of ignition (14/14) (You took it off an orc knight on level 5 of the Vaults)
 64676 | Vaults:5 | Got a pair of dazzling gloves
 64687 | Vaults:5 | Identified the +1 pair of gloves of Absence {rC- MR++ SInv Stlth+} (You acquired it on level 5 of the Vaults)
 64850 | Vaults:5 | Got an uncursed transparent rapier {venom}
 64851 | Vaults:5 | Identified the +3 rapier "Qich" {venom, *Noise rN+ MR+ Stlth+} (You took it off a deep elf archer on level 5 of the Vaults)
 65335 | Vaults:5 | Received a gift from Okawaru
 65517 | Vaults:5 | Learned a level 1 spell: Infusion
 65536 | Vaults:5 | Got a silver rune of Zot
 65556 | Vaults:5 | Learned a level 2 spell: Song of Slaying
 65560 | Vaults:5 | Learned a level 3 spell: Regeneration
 66591 | Depths:3 | Got a faintly glowing iron ring
 66699 | Depths:3 | Found a one-way gate leading to the halls of Pandemonium.
 67249 | Depths:3 | Reached skill level 10 in Maces & Flails
 67656 | Depths:4 | Received a gift from Okawaru
 67686 | Depths:4 | Found a runed door.
 67757 | Depths:4 | Identified the ring "Lukh" {+Blink MP+9 Int+4 Slay+2} (You found it on level 3 of the Depths)
 68342 | Depths:4 | Found a gateway to a ziggurat.
 68722 | Depths:4 | Received a gift from Okawaru
 69045 | Depths:5 | Entered Level 5 of the Depths
 69297 | Depths:5 | Received a gift from Okawaru
 69504 | Depths:5 | Found a gate to the Realm of Zot.
 69534 | Depths:5 | Received a gift from Okawaru
 70132 | Zot:1    | Entered Level 1 of the Realm of Zot
 70271 | Zot:1    | Received a gift from Okawaru
 70727 | Zot:2    | Received a gift from Okawaru
 71813 | Zot:2    | Received a gift from Okawaru
 74191 | Slime:1  | Entered Level 1 of the Pits of Slime
 74255 | Slime:1  | Received a gift from Okawaru
 74990 | Slime:2  | Received a gift from Okawaru
 75018 | Slime:1  | You are sucked into a shaft!
 75030 | Slime:2  | Got a warped plate armour {god gift}
 75391 | Slime:2  | Identified the +10 plate armour "Yzuu" {MP+9} (Okawaru gifted it to you on level 2 of the Pits of Slime)
 75484 | Slime:3  | Gained mutation: You expend magic power (3 MP) to strengthen your wands. [a shining eye]
 75507 | Slime:3  | Gained mutation: You regenerate slowly when monsters are visible. [a shining eye]
 76312 | Slime:4  | Reached skill level 27 in Axes
 76315 | Slime:4  | Lost mutation: You are robust (+10% HP). [the power of Zot]
 76582 | Slime:4  | Gained mutation: You are somewhat resistant to further mutation. [a shining eye]
 76598 | Slime:4  | Gained mutation: You are somewhat resistant to both further mutation and mutation removal. [a shining eye]
 77515 | Slime:5  | Gained mutation: You are dopey. (Int -2) [a shining eye]
 77958 | Slime:6  | Entered Level 6 of the Pits of Slime
 78054 | Slime:6  | Received a gift from Okawaru
 78102 | Slime:6  | Reached skill level 27 in Shields
 78650 | Slime:6  | Received a gift from Okawaru
 78664 | Slime:6  | Noticed the Royal Jelly
 78674 | Slime:6  | Killed the Royal Jelly
 78782 | Slime:6  | Identified the Handbook of the Voyage and Earth
 78787 | Slime:6  | Got an ancient amethyst amulet
 78789 | Slime:6  | Identified the amulet of Wulafa Nuffi {Faith *Contam rElec Str+7} (You found it on level 6 of the Pits of Slime)
 78792 | Slime:6  | Identified Sif Muna's Catalogue of Dusty Ice
 78897 | Slime:6  | Got a clouded graven amulet
 78898 | Slime:6  | Identified the amulet "Qiapla Jiyd" {Reflect +Inv SH+5} (You found it on level 6 of the Pits of Slime)
 78903 | Slime:6  | Got a slimy rune of Zot
 78930 | Slime:6  | Identified Kaudd's Catalogue of Displaced Contamination (You found it on level 6 of the Pits of Slime)
 79528 | Pan      | Entered Pandemonium
 80693 | Pan      | Found a runed door.
 80721 | Pan      | Found a runed door.
 80748 | Pan      | Found an exit through the horrors of the Abyss.
 80801 | Pan      | Found a runed door.
 80926 | Pan      | Found a runed door.
 81259 | Pan      | Noticed Wowel the pandemonium lord
 81277 | Pan      | Killed Wowel the pandemonium lord
 81334 | Pan      | Found an exit through the horrors of the Abyss.
 81722 | Pan      | Received a gift from Okawaru
 82057 | Pan      | Noticed Beam the pandemonium lord
 82085 | Pan      | Killed Beam the pandemonium lord
 82512 | Pan      | Received a gift from Okawaru
 82550 | Pan      | Got a demonic rune of Zot
 82679 | Pan      | Found an exit through the horrors of the Abyss.
 82878 | Pan      | Found an exit through the horrors of the Abyss.
 83005 | Pan      | Received a gift from Okawaru
 83797 | Pan      | Noticed Woso the pandemonium lord
 83825 | Pan      | Killed Woso the pandemonium lord
 84371 | Pan      | Reached skill level 27 in Fighting
 84597 | Pan      | Received a gift from Okawaru
 84599 | Pan      | Got a brightly glowing short sword {god gift}
 84600 | Pan      | Identified the +7 short sword "Zosmuadgh" {speed, Str+5} (Okawaru gifted it to you in Pandemonium)
 84713 | Pan      | Noticed a seraph
 84713 | Pan      | Got a smoking granite ring
 84737 | Pan      | Killed a seraph
 84748 | Pan      | Identified the ring of Ru's Vengeance {Wiz rElec rN+ Str-2 Slay+3} (You took it off a cherub in Pandemonium)
 84909 | Pan      | Found a glowing golden altar of the Shining One.
 85103 | Pan      | Received a gift from Okawaru
 85255 | Pan      | Received a gift from Okawaru
 85315 | Pan      | Got a pair of scorched boots {god gift}
 85353 | Pan      | Identified the +0 pair of boots of Hadjma {rPois rN+} (Okawaru gifted it to you in Pandemonium)
 85464 | Pan      | Found a glowing silver altar of Zin.
 85868 | Pan      | Found a white marble altar of Elyvilon.
 86622 | Pan      | Received a gift from Okawaru
 86679 | Pan      | Reached skill level 10 in Evocations
 86874 | Pan      | Entered the realm of Mnoleg.
 86874 | Pan      | Noticed Mnoleg
 86918 | Pan      | Killed Mnoleg
 86947 | Pan      | Got a glowing rune of Zot
 87028 | Pan      | Gained mutation: Armour fits poorly on your strangely shaped body. [a neqoxec]
 87434 | Pan      | Found an exit through the horrors of the Abyss.
 87696 | Pan      | Gained mutation: You are weak. (Str -2) [a neqoxec]
 87722 | Pan      | Reached skill level 5 in Stealth
 87839 | Pan      | Entered the realm of Lom Lobon.
 88347 | Pan      | Found an exit through the horrors of the Abyss.
 88356 | Pan      | Got a sparkling wooden ring
 88358 | Pan      | Identified the ring of Symmetry {Fire MP+9 Dex+4} (You found it in Pandemonium)
 88657 | Pan      | Noticed Lom Lobon
 88694 | Pan      | Killed Lom Lobon
 88803 | Pan      | Got a magical rune of Zot
 89219 | Pan      | Received a gift from Okawaru
 89236 | Pan      | Noticed Fischybbe the pandemonium lord
 89249 | Pan      | Killed Fischybbe the pandemonium lord
 89338 | Pan      | Found an exit through the horrors of the Abyss.
 89401 | Pan      | Identified First Steps in Witchery
 90039 | Pan      | Noticed Wuutt the pandemonium lord
 90058 | Pan      | Killed Wuutt the pandemonium lord
 90305 | Pan      | Found an exit through the horrors of the Abyss.
 90787 | Pan      | Noticed Palil the pandemonium lord
 90814 | Pan      | Killed Palil the pandemonium lord
 90814 | Pan      | Received a gift from Okawaru
 90884 | Pan      | Found an exit through the horrors of the Abyss.
 92502 | Pan      | Received a gift from Okawaru
 92689 | Pan      | Got an ancient spear
 92691 | Pan      | Identified the +4 spear "Decoimei" {freeze, rPois rC+ Dex+3} (You found it in Pandemonium)
 93359 | Pan      | Noticed Nallax the pandemonium lord
 93375 | Pan      | Killed Nallax the pandemonium lord
 93375 | Pan      | Received a gift from Okawaru
 93434 | Pan      | Found an exit through the horrors of the Abyss.
 93866 | Pan      | Found an exit through the horrors of the Abyss.
 94050 | Pan      | Noticed Mennas
 94079 | Pan      | Killed Mennas
 94225 | Pan      | Noticed Guos the pandemonium lord
 94264 | Pan      | Killed Guos the pandemonium lord
 94264 | Pan      | Received a gift from Okawaru
 94308 | Pan      | Got a smelly plate armour {god gift}
 94314 | Pan      | Identified the +10 plate armour of the Archfiend {Int+4} (Okawaru gifted it to you in Pandemonium)
 94501 | Pan      | Noticed Ycuapysm the pandemonium lord
 94516 | Pan      | Killed Ycuapysm the pandemonium lord
 95048 | Pan      | Found an exit through the horrors of the Abyss.
 95551 | Pan      | Found an exit through the horrors of the Abyss.
 95757 | Pan      | Noticed Upaaloh the pandemonium lord
 95765 | Pan      | Received a gift from Okawaru
 95777 | Pan      | Killed Upaaloh the pandemonium lord
 95787 | Pan      | Got a jewelled cloak {god gift}
 95810 | Pan      | Identified the +0 cloak of an ice cave {*Corrode rF+ SInv} (Okawaru gifted it to you in Pandemonium)
 96640 | Pan      | Found an exit through the horrors of the Abyss.
 96652 | Pan      | Reached skill level 27 in Armour
 96720 | Pan      | Lost mutation: You are weak. (Str -2) [a neqoxec]
 96734 | Pan      | Noticed Eruasu Icvo the pandemonium lord
 96771 | Pan      | Killed Eruasu Icvo the pandemonium lord
 96771 | Pan      | Reached skill level 5 in Crossbows
 96959 | Pan      | Reached skill level 10 in Long Blades
 97027 | Pan      | Entered the realm of Gloorx Vloq.
 97157 | Pan      | Found an exit through the horrors of the Abyss.
 97381 | Pan      | Received a gift from Okawaru
 97722 | Pan      | Noticed Gloorx Vloq
 97755 | Pan      | Killed Gloorx Vloq
 97792 | Pan      | Got a dark rune of Zot
 97854 | Pan      | Hired Moerequl the deep elf mage for 638 gold.
 97868 | Pan      | Received a gift from Okawaru
 97902 | Pan      | Noticed Fibopn the pandemonium lord
 97913 | Pan      | Killed Fibopn the pandemonium lord
 97918 | Pan      | Your ally Moerequl died
 97924 | Pan      | Received a gift from Okawaru
 97995 | Pan      | Reached skill level 10 in Crossbows
 98124 | Pan      | Found an exit through the horrors of the Abyss.
 98525 | Pan      | Entered the realm of Cerebov.
 98623 | Pan      | Found an exit through the horrors of the Abyss.
 98708 | Pan      | Got an ancient marble ring
 98709 | Pan      | Identified the ring "Ilozimunn" {rCorr Str+3} (You took it off an efreet in Pandemonium)
100083 | Pan      | Noticed Cerebov
100128 | Pan      | Killed Cerebov
100128 | Pan      | Received a gift from Okawaru
100217 | Pan      | Got a fine brass ring
100218 | Pan      | Identified the ring "Naoris" {rCorr Dex+7} (You took it off a balrug in Pandemonium)
100237 | Pan      | Got a sparkling jade ring
100238 | Pan      | Identified the ring "Beshrompo" {rElec Dex+4} (You found it in Pandemonium)
100254 | Pan      | Got a smoking silver amulet
100255 | Pan      | Identified the amulet of Incredulity {*Corrode +Rage rPois Str+5 Int+4} (You found it in Pandemonium)
100321 | Pan      | Got a scintillating copper ring
100322 | Pan      | Identified the ring "Zylityso" {+Fly Str+3} (You found it in Pandemonium)
100371 | Pan      | Got a fiery rune of Zot
100472 | Pan      | Took an exit into the Abyss.
100472 | Abyss:1  | Escaped into the Abyss
100577 | Abyss:1  | Received a gift from Okawaru
101058 | Abyss:2  | Found a corrupted altar of Lugonu.
101071 | Abyss:2  | Found a basalt altar of Yredelemnul.
101118 | Abyss:2  | Found a basalt altar of Yredelemnul.
101579 | Abyss:3  | Reached skill level 15 in Crossbows
101581 | Abyss:3  | Found a sparkling altar of Nemelex Xobeh.
101857 | Abyss:4  | Received a gift from Okawaru
101983 | Abyss:5  | Entered Level 5 of the Abyss
102014 | Abyss:5  | Found a corrupted altar of Lugonu.
102028 | Abyss:5  | Got an abyssal rune of Zot
102247 | Depths:3 | Escaped the Abyss
102524 | Zig:1    | Entered Level 1 of a ziggurat
102551 | Zig:2    | Entered Level 2 of a ziggurat
102552 | Zig:2    | Noticed Xulut the pandemonium lord
102563 | Zig:2    | Killed Xulut the pandemonium lord
102563 | Zig:2    | Received a gift from Okawaru
102564 | Zig:2    | Got a pair of spiked boots {god gift}
102575 | Zig:2    | Identified the +0 pair of boots of Articulation {rPois} (Okawaru gifted it to you on level 2 of a ziggurat)
102602 | Zig:3    | Entered Level 3 of a ziggurat
102631 | Zig:4    | Entered Level 4 of a ziggurat
102634 | Zig:4    | Noticed a juggernaut
102654 | Zig:4    | Killed a juggernaut
102674 | Zig:4    | Got a pair of warped gloves
102685 | Zig:4    | Identified the +0 pair of gloves of Blue Skies {rPois} (You found it on level 4 of a ziggurat)
102706 | Zig:5    | Entered Level 5 of a ziggurat
102796 | Zig:6    | Entered Level 6 of a ziggurat
102857 | Zig:7    | Entered Level 7 of a ziggurat
102919 | Zig:7    | Got a steaming arbalest
102920 | Zig:7    | Identified the cursed +2 arbalest "Qienauch" {venom, Int+4} (You found it on level 7 of a ziggurat)
102937 | Zig:7    | Got an ancient spear
102938 | Zig:7    | Identified the +2 spear "Kewi" {vamp, Str+4 Int+4 Dex+2} (You found it on level 7 of a ziggurat)
102957 | Zig:8    | Entered Level 8 of a ziggurat
102997 | Zig:8    | Identified Udumpul's Handbook of Mutagenic Flight
103025 | Zig:9    | Entered Level 9 of a ziggurat
103077 | Zig:9    | Got an ancient plate armour
103088 | Zig:9    | Identified the +1 plate armour of the Dropbear {rN+++ MR+} (You found it on level 9 of a ziggurat)
103150 | Zig:10   | Entered Level 10 of a ziggurat
103168 | Zig:10   | Noticed Ofaronuxy the pandemonium lord
103169 | Zig:10   | Noticed Diugh the pandemonium lord
103178 | Zig:10   | Gained mutation: You are frail (-10% HP). [a cacodemon]
103185 | Zig:10   | Killed Diugh the pandemonium lord
103190 | Zig:10   | Killed Ofaronuxy the pandemonium lord
103222 | Zig:10   | Identified the Tome of Transmigration and Clay
103237 | Zig:11   | Entered Level 11 of a ziggurat
103298 | Zig:11   | Received a gift from Okawaru
103331 | Zig:11   | Got a steaming amber ring
103333 | Zig:11   | Identified the ring of Jonn {rC+ Dex+4 Slay+1} (You found it on level 11 of a ziggurat)
103346 | Zig:11   | Got a fine hand crossbow
103347 | Zig:11   | Identified the +2 hand crossbow of Fecuesm {velocity, Int+3} (You found it on level 11 of a ziggurat)
103362 | Zig:11   | Identified the Reference Book on the Venomous Volcanoes
103369 | Zig:11   | Learned a level 5 spell: Fireball
103377 | Zig:12   | Entered Level 12 of a ziggurat
103390 | Zig:12   | Noticed a greater mummy
103391 | Zig:12   | Noticed a greater mummy
103392 | Zig:12   | Noticed a greater mummy
103407 | Zig:12   | Killed a greater mummy
103407 | Zig:12   | Reached skill level 1 in Polearms
103407 | Zig:12   | Killed a greater mummy
103408 | Zig:12   | Received a gift from Okawaru
103424 | Zig:12   | Killed a greater mummy
103431 | Zig:12   | Reached skill level 10 in Spellcasting
103582 | Zig:13   | Entered Level 13 of a ziggurat
103604 | Zig:13   | Reached skill level 10 in Charms
103761 | Zig:14   | Entered Level 14 of a ziggurat
103790 | Zig:14   | Reached skill level 5 in Polearms
103796 | Zig:14   | Received a gift from Okawaru
103846 | Zig:14   | Got a brightly glowing iron ring
103847 | Zig:14   | Identified the ring of Bolofe {rPois Str+2 Stlth-} (You found it on level 14 of a ziggurat)
103852 | Zig:14   | Identified Advanced Steps in Hermeneutics
103906 | Zig:15   | Entered Level 15 of a ziggurat
104014 | Zig:15   | Identified the Guide on Cold
104023 | Zig:15   | Identified Memol's Catalogue of the Volcanoes and Unholy Arts
104026 | Zig:15   | Learned a level 1 spell: Beastly Appendage
104046 | Zig:15   | Hired Ysulae the merfolk for 285 gold.
104052 | Zig:15   | Got a crude lapis lazuli ring
104053 | Zig:15   | Identified the ring of the Lizard {rPois rC+ Stlth+} (You found it on level 15 of a ziggurat)
104060 | Zig:15   | Got a scorched dagger
104061 | Zig:15   | Identified the +6 dagger of the Establishment {pierce, Str+3} (You found it on level 15 of a ziggurat)
104065 | Zig:15   | Got an ancient quarterstaff
104066 | Zig:15   | Identified the cursed +1 quarterstaff of Noyxka {drain, rC+ MR- MP+9} (You found it on level 15 of a ziggurat)
104079 | Zig:16   | Entered Level 16 of a ziggurat
104116 | Zig:16   | Received a gift from Okawaru
104249 | Zig:16   | Got a dazzling war axe
104250 | Zig:16   | Identified the +3 war axe of Destiny {antimagic, MR++} (You found it on level 16 of a ziggurat)
104280 | Zig:16   | Got a crystal broad axe
104284 | Zig:16   | Identified the +10 broad axe "Z" {antimagic, rN+ MR+} (You found it on level 16 of a ziggurat)
104296 | Zig:17   | Entered Level 17 of a ziggurat
104362 | Zig:17   | Received a gift from Okawaru
104507 | Zig:18   | Entered Level 18 of a ziggurat
104659 | Zig:19   | Entered Level 19 of a ziggurat
104697 | Zig:19   | Noticed Nidob the pandemonium lord
104697 | Zig:19   | Noticed Purch the pandemonium lord
104698 | Zig:19   | Noticed Ziolocuf the pandemonium lord
104698 | Zig:19   | Noticed Imigetul the pandemonium lord
104698 | Zig:19   | Noticed Ylajasm the pandemonium lord
104716 | Zig:19   | Noticed Qimes the pandemonium lord
104729 | Zig:19   | Killed Ylajasm the pandemonium lord
104731 | Zig:19   | Killed Nidob the pandemonium lord
104731 | Zig:19   | Received a gift from Okawaru
104732 | Zig:19   | Noticed Vuzoruze the pandemonium lord
104742 | Zig:19   | Killed Imigetul the pandemonium lord
104743 | Zig:19   | Killed Ziolocuf the pandemonium lord
104746 | Zig:19   | Noticed Totoa the pandemonium lord
104757 | Zig:19   | Killed Purch the pandemonium lord
104764 | Zig:19   | Killed Qimes the pandemonium lord
104771 | Zig:19   | Killed Totoa the pandemonium lord
104783 | Zig:19   | Killed Vuzoruze the pandemonium lord
104896 | Zig:19   | Lost mutation: You expend magic power (3 MP) to strengthen your wands. [helix card]
104932 | Zig:20   | Entered Level 20 of a ziggurat
105000 | Zig:20   | Received a gift from Okawaru
105102 | Zig:20   | Got a glittering ivory ring
105103 | Zig:20   | Identified the ring "Xymucoa" {rC+ MR+ Str+6 Stlth+} (You found it on level 20 of a ziggurat)
105110 | Zig:20   | Got an ancient war axe
105121 | Zig:20   | Identified the +8 war axe of the Jolly Suns {holy, MP+9 Str+4} (You found it on level 20 of a ziggurat)
105162 | Zig:21   | Entered Level 21 of a ziggurat
105190 | Zig:21   | Received a gift from Okawaru
105231 | Zig:21   | Received a gift from Okawaru
105461 | Zig:21   | Gained mutation: Your muscles are strong. (Str +2) [potion of beneficial mutation]
105467 | Zig:21   | Identified the Compendium of Evil and Summoning
105487 | Zig:22   | Entered Level 22 of a ziggurat
105572 | Zig:22   | HP: 2/224 [something (20)]
105583 | Zig:22   | HP: 10/224 [electric golem/bolt of lightning (8)]
105678 | Zig:22   | Got a shimmering marble ring
105740 | Zig:22   | Identified Tuj Codo's Compendium of Stolen Souls (You found it on level 22 of a ziggurat)
105744 | Zig:22   | Got a crude scythe
105746 | Zig:22   | Identified the +3 scythe of Foul Odors {flame, +Blink Int+3 Dex-3} (You found it on level 22 of a ziggurat)
105750 | Zig:22   | Identified the ring "Erioth" {+Fly rPois rF+} (You found it on level 22 of a ziggurat)
105770 | Zig:23   | Entered Level 23 of a ziggurat
105824 | Zig:23   | Received a gift from Okawaru
105849 | Zig:23   | Received a gift from Okawaru
105853 | Zig:23   | Received a gift from Okawaru
106003 | Zig:23   | Got a warped golden ring
106010 | Zig:23   | Got a wavering amber ring
106017 | Zig:23   | Identified the ring of Pragmatism {rF+ rN+ Int+3} (You found it on level 23 of a ziggurat)
106020 | Zig:23   | Identified the ring "Bituvoah" {Int+3 Dex+4 Slay+2 Stlth+} (You found it on level 23 of a ziggurat)
106022 | Zig:23   | Identified the Tome of the Snowflakes (You found it on level 23 of a ziggurat)
106247 | Hell     | Entered the Vestibule of Hell
106247 | Hell     | Noticed Geryon
106305 | Hell     | Killed Geryon
106368 | Hell     | Found a gateway to the freezing wastes of Cocytus.
106495 | Hell     | Found a gateway to the decaying netherworld of Tartarus.
106594 | Hell     | Found a gateway to the ashen valley of Gehenna.
106798 | Hell     | Found a gateway to the Iron City of Dis.
106812 | Dis:1    | Entered Level 1 of the Iron City of Dis
107067 | Dis:1    | Reached skill level 1 in Hexes
107471 | Dis:1    | Reached skill level 5 in Hexes
107659 | Dis:1    | Received a gift from Okawaru
107660 | Dis:1    | Got a pair of distressingly furry boots {god gift}
107671 | Dis:1    | Identified the +0 pair of boots "Paygiph" {rN+ MP+9} (Okawaru gifted it to you on level 1 of the Iron City of Dis)
108825 | Dis:2    | You are sucked into a shaft!
108876 | Dis:3    | Reached skill level 27 in Crossbows
108881 | Dis:3    | Reached skill level 10 in Hexes
109002 | Dis:3    | You are sucked into a shaft for 3 floors!
109005 | Dis:6    | You are sucked into a shaft!
109005 | Dis:7    | Entered Level 7 of the Iron City of Dis
109479 | Dis:7    | Received a gift from Okawaru
109481 | Dis:7    | Got a scorched cloak {god gift}
109539 | Dis:7    | Identified the +3 cloak "Jobban" {MR+ Regen+ Str+4} (Okawaru gifted it to you on level 7 of the Iron City of Dis)
109991 | Dis:7    | Got a translucent glass ring
110502 | Dis:7    | Noticed Dispater
110506 | Dis:7    | Received a gift from Okawaru
110531 | Dis:7    | Killed Dispater
110542 | Dis:7    | Identified the ring "Ylint" {rElec Stlth+} (You took it off an iron imp on level 7 of the Iron City of Dis)
110552 | Dis:7    | Got a sparkling jade ring
110554 | Dis:7    | Identified the ring "Uffy" {MR+ Dex+4} (You took it off an iron imp on level 7 of the Iron City of Dis)
110640 | Dis:7    | Got an iron rune of Zot
110847 | Tar:1    | Entered Level 1 of Tartarus
110851 | Tar:1    | You are sucked into a shaft!
110855 | Tar:2    | You are sucked into a shaft!
110858 | Tar:3    | You are sucked into a shaft for 2 floors!
110863 | Tar:5    | You are sucked into a shaft!
110867 | Tar:6    | You are sucked into a shaft!
110867 | Tar:7    | Entered Level 7 of Tartarus
111050 | Tar:7    | Received a gift from Okawaru
111197 | Tar:7    | Identified Nomicw's Collected Works on the Compass and Creation
111200 | Tar:7    | Identified the Reference Book on Feathery Boosts
111212 | Tar:7    | Identified a +8 rod of inaccuracy (13/13) (You found it on level 7 of Tartarus)
111218 | Tar:7    | Got a warped flail
111219 | Tar:7    | Identified the cursed +1 flail "Punor" {crush, *Drain +Rage +Fly rF+++} (You found it on level 7 of Tartarus)
111652 | Tar:7    | Received a gift from Okawaru
111653 | Tar:7    | Got an ancient battleaxe {god gift}
111654 | Tar:7    | Identified the +5 battleaxe of Eternal Vigilance {venom, rElec rN+ MR+ Str-2} (Okawaru gifted it to you on level 7 of Tartarus)
112092 | Tar:7    | Received a gift from Okawaru
112182 | Tar:7    | Identified a +6 rod of inaccuracy (9/9) (You found it on level 7 of Tartarus)
112346 | Tar:7    | Noticed Ereshkigal
112382 | Tar:7    | Killed Ereshkigal
112584 | Tar:7    | Got a bone rune of Zot
112776 | Geh:1    | Entered Level 1 of Gehenna
113216 | Geh:1    | You are sucked into a shaft!
113219 | Geh:2    | You are sucked into a shaft!
113222 | Geh:3    | You are sucked into a shaft for 2 floors!
113234 | Geh:5    | You are sucked into a shaft!
113237 | Geh:6    | You are sucked into a shaft!
113237 | Geh:7    | Entered Level 7 of Gehenna
113899 | Geh:7    | Received a gift from Okawaru
113910 | Geh:7    | Noticed Dickchan's ghost (legendary NaBe)
113929 | Geh:7    | Killed Dickchan's ghost
113929 | Geh:7    | Reached skill level 15 in Evocations
114037 | Geh:7    | Noticed the Serpent of Hell
114049 | Geh:7    | Killed the Serpent of Hell
114121 | Geh:7    | Reached skill level 10 in Air Magic
114374 | Geh:7    | Got a wavering granite ring
114376 | Geh:7    | Identified the ring "Buontu" {rC++ Str-4 Int+4 SInv} (You found it on level 7 of Gehenna)
114384 | Geh:7    | Learned a level 3 spell: Gell's Gravitas
114385 | Geh:7    | Identified the Catalogue of Flames and the Mountains
114388 | Geh:7    | Got a crude silver ring
114390 | Geh:7    | Identified the ring of Charity {+Blink +Fly Str+4 SInv} (You found it on level 7 of Gehenna)
114513 | Geh:7    | Noticed Asmodeus
114538 | Geh:7    | Killed Asmodeus
114538 | Geh:7    | Received a gift from Okawaru
114579 | Geh:7    | Got a slimy ivory amulet
114581 | Geh:7    | Identified the amulet of Liberty {Harm *Drain MR- Str+9 Dex-2 Stlth+} (You found it on level 7 of Gehenna)
114601 | Geh:7    | Got an obsidian rune of Zot
114629 | Geh:7    | Got a shimmering cloak
114640 | Geh:7    | Identified the +2 cloak "Cueve" {rF+ Str+3 Dex+4} (You found it on level 7 of Gehenna)
114651 | Geh:7    | Got a polished plate armour
114662 | Geh:7    | Identified the +7 plate armour "Uryok" {Int+2 Dex+4} (You found it on level 7 of Gehenna)
114710 | Geh:7    | Learned a level 5 spell: Silence
114725 | Geh:7    | Got a scorched ice dragon armour
114736 | Geh:7    | Identified the +6 ice dragon armour of Kleptomania {+Inv rF- rC++ MR+ Int+7} (You found it on level 7 of Gehenna)
114765 | Geh:7    | Got a heavily runed jade ring
114767 | Geh:7    | Identified the ring "Ojes" {rPois rN++} (You found it on level 7 of Gehenna)
115292 | Coc:1    | Entered Level 1 of Cocytus
115296 | Coc:1    | You are sucked into a shaft!
115299 | Coc:2    | You are sucked into a shaft for 2 floors!
115299 | Coc:4    | Noticed a shard shrike
115302 | Coc:4    | You are sucked into a shaft for 2 floors!
115306 | Coc:7    | Entered Level 7 of Cocytus
115798 | Coc:7    | Noticed Antaeus
115818 | Coc:7    | Killed Antaeus
115818 | Coc:7    | Received a gift from Okawaru
115822 | Coc:7    | Got an ichor-stained cloak {god gift}
115835 | Coc:7    | Identified the +1 cloak of the Forsaken Demons {rC++ MR+} (Okawaru gifted it to you on level 7 of Cocytus)
115864 | Coc:7    | Got an icy rune of Zot
116272 | Coc:7    | Lost mutation: Armour fits poorly on your strangely shaped body. [helix card]
116382 | Coc:7    | Noticed a shard shrike
116384 | Coc:7    | Killed a shard shrike
116487 | Coc:7    | Identified the Almanac of Transformation and the Entourage (You found it on level 7 of Cocytus)
116490 | Coc:7    | Got a warped glass ring
116492 | Coc:7    | Identified the ring of Dissent {rC+ Str+3 Dex+4 SInv} (You found it on level 7 of Cocytus)
116596 | Coc:7    | Reached skill level 15 in Spellcasting
117225 | Zig:1    | Entered Level 1 of a ziggurat
117252 | Zig:2    | Entered Level 2 of a ziggurat
117290 | Zig:3    | Entered Level 3 of a ziggurat
117296 | Zig:3    | Noticed a greater mummy
117303 | Zig:3    | Killed a greater mummy
117303 | Zig:3    | Reached skill level 27 in Dodging
117327 | Zig:4    | Entered Level 4 of a ziggurat
117386 | Zig:5    | Entered Level 5 of a ziggurat
117566 | Zig:5    | Got a wavering steel ring
117568 | Zig:5    | Identified the cursed ring of Ehene {rPois EV-4 Dex+3} (You found it on level 5 of a ziggurat)
117590 | Zig:6    | Entered Level 6 of a ziggurat
117616 | Zig:6    | Received a gift from Okawaru
117631 | Zig:6    | Got a scorched copper amulet
117633 | Zig:6    | Identified the amulet of Ejorur {Gourm rElec Str-4 SInv Stlth+} (You acquired it on level 6 of a ziggurat)
117643 | Zig:6    | Got a fine lead ring
117645 | Zig:6    | Identified the ring of Lady Luck {rCorr rElec Dex+4 Slay+3} (You found it on level 6 of a ziggurat)
117689 | Zig:7    | Entered Level 7 of a ziggurat
117696 | Zig:7    | Reached skill level 15 in Charms
117761 | Zig:7    | Got a vibrating amber ring
117763 | Zig:7    | Identified the ring "Kuvups" {rF++ Stlth+} (You found it on level 7 of a ziggurat)
117768 | Zig:7    | Got a brightly glowing gossamer ring
117770 | Zig:7    | Identified the ring "Namnelo" {+Fly EV+3 Dex+3 Slay-5} (You found it on level 7 of a ziggurat)
117806 | Zig:8    | Entered Level 8 of a ziggurat
118100 | Zig:9    | Entered Level 9 of a ziggurat
118191 | Zig:10   | Entered Level 10 of a ziggurat
118206 | Zig:10   | Noticed an ancient lich
118223 | Zig:10   | Killed an ancient lich
118255 | Zig:10   | Got a shimmering bronze ring
118257 | Zig:10   | Identified the ring of Raistryl {rPois Str+2} (You found it on level 10 of a ziggurat)
118262 | Zig:10   | Got a smoking great mace
118263 | Zig:10   | Identified the +7 great mace of Skirmishing {freeze, rElec rF+} (You found it on level 10 of a ziggurat)
118270 | Zig:10   | Identified the Reference Book on Glacial Orientation
118278 | Zig:10   | Learned a level 6 spell: Freezing Cloud
118293 | Zig:11   | Entered Level 11 of a ziggurat
118315 | Zig:11   | Reached skill level 1 in Conjurations
118379 | Zig:11   | Reached skill level 5 in Fire Magic
118403 | Zig:12   | Entered Level 12 of a ziggurat
118425 | Zig:12   | Reached skill level 5 in Conjurations
118438 | Zig:12   | Received a gift from Okawaru
118486 | Zig:12   | Got a flickering brass amulet
118488 | Zig:12   | Identified the amulet of Nosod {Faith rC+ MP+9 Str+4 Dex-4} (You found it on level 12 of a ziggurat)
118497 | Zig:12   | Got a smoking morningstar
118498 | Zig:12   | Identified the +3 morningstar of the Chickpea {crush, *Rage rC+ MP+9 Str+4} (You found it on level 12 of a ziggurat)
118731 | Zig:13   | Entered Level 13 of a ziggurat
118755 | Zig:13   | Received a gift from Okawaru
118769 | Zig:13   | Got a pair of heavily runed gloves {god gift}
118780 | Zig:13   | Identified the +2 pair of gloves of Quantum Leap {+Blink +Inv MR+} (Okawaru gifted it to you on level 13 of a ziggurat)
118860 | Zig:14   | Entered Level 14 of a ziggurat
118914 | Zig:14   | Reached skill level 10 in Fire Magic
118971 | Zig:15   | Entered Level 15 of a ziggurat
118978 | Zig:15   | Noticed a juggernaut
118980 | Zig:15   | Noticed a juggernaut
118991 | Zig:15   | Killed a juggernaut
118992 | Zig:15   | Killed a juggernaut
119074 | Zig:15   | Identified the Compendium of the Snowflakes and Curses
119076 | Zig:15   | Identified the Collected Works on the Snowflakes (You found it on level 15 of a ziggurat)
119108 | Zig:16   | Entered Level 16 of a ziggurat
119118 | Zig:16   | Noticed a juggernaut
119119 | Zig:16   | Noticed a juggernaut
119120 | Zig:16   | Noticed a juggernaut
119121 | Zig:16   | Noticed a juggernaut
119122 | Zig:16   | Noticed a juggernaut
119142 | Zig:16   | Killed a juggernaut
119147 | Zig:16   | Killed a juggernaut
119150 | Zig:16   | Killed a juggernaut
119152 | Zig:16   | Killed a juggernaut
119155 | Zig:16   | Killed a juggernaut
119169 | Zig:16   | Received a gift from Okawaru
119200 | Zig:16   | Learned a level 4 spell: Airstrike
119203 | Zig:16   | Identified Fufeduask's Volume of Feathery Moulding
119444 | Zig:17   | Entered Level 17 of a ziggurat
119459 | Zig:17   | Noticed an ancient lich
119478 | Zig:17   | Killed an ancient lich
119516 | Zig:17   | Learned a level 4 spell: Cause Fear
119549 | Zig:18   | Entered Level 18 of a ziggurat
119569 | Zig:18   | Noticed Zoviot the pandemonium lord
119587 | Zig:18   | HP: 11/224 [??? (3)]
119588 | Zig:18   | HP: 2/224 [balrug/divine providence (10)]
119593 | Zig:18   | HP: 10/224 [??? (3)]
119596 | Zig:18   | Engulfed by a blizzard demon's freezing vapour

Skill      XL: |  1  2  3  4  5  6  7  8  9 10 11 12 13 14 15 16 17 18 19 20 21 22 23 24 25 26 27 |
---------------+----------------------------------------------------------------------------------+-----
Shields        | 4 5 6 7 10 11 12 14 15 16 17 18 19 20 21 22 23 27 | 27.0
Fighting       | 4 5 6 7 8 9 10 12 13 14 16 17 18 19 20 27 | 27.0
Dodging        | 1 2 3 4 5 7 8 9 10 11 12 13 14 27 | 27.0
Armour         | 4 5 6 7 8 9 10 11 12 13 14 15 16 27 | 27.0
Axes           | 3 4 5 7 8 9 10 11 12 13 14 15 16 17 18 19 20 27 | 27.0
Stealth        | 1 2 3 9 |  9.4
Invocations    | 3 5 7 8 9 10 | 10.0
Charms         | 2 5 16 | 16.2
Air Magic      | 1 4 5 12 | 12.3
Crossbows      | 1 2 3 27 | 27.0
Spellcasting   | 3 5 18 | 18.8
Evocations     | 1 15 | 15.8
Long Blades    | 13 | 13.0
Maces & Flails | 12 | 12.8
Polearms       | 8 |  8.0
Hexes          | 14 | 14.3
Conjurations   | 9 |  9.0
Fire Magic     | 11 | 11.4
Unarmed Combat | |  0.6
Necromancy     | |  0.4
Translocations | |  0.5

Action                   |  1- 3 |  4- 6 |  7- 9 | 10-12 | 13-15 | 16-18 | 19-21 | 22-24 | 25-27 || total
-------------------------+-------+-------+-------+-------+-------+-------+-------+-------+-------++-------
Melee: War axe           |    64 |   184 |   225 |       |       |   318 |   123 |       |    28 ||   942
       Battleaxe         |       |       |   330 |   713 |   978 |   853 |  1093 |   860 |  1491 ||  6318
       Executioner's axe |       |       |       |       |       |       |     8 |       |  3000 ||  3008
       Broad axe         |       |       |       |       |       |       |       |   622 |  5661 ||  6283
       Unarmed           |       |       |       |       |       |       |       |       |    16 ||    16
       Spear             |       |       |       |       |       |       |       |       |    13 ||    13
       Staff             |       |       |       |       |       |       |       |       |     2 ||     2
 Fire: Blowgun           |       |       |       |    19 |       |       |       |       |       ||    19
       Hand crossbow     |       |       |       |       |       |    42 |       |       |       ||    42
       Triple crossbow   |       |       |       |       |       |    46 |    55 |    22 |  1963 ||  2086
Throw: Tomahawk          |       |       |       |     5 |       |     1 |       |       |       ||     6
       Javelin           |       |       |       |    10 |    52 |    15 |    11 |     2 |    75 ||   165
       Throwing net      |       |       |       |       |       |       |     1 |       |       ||     1
 Cast: Swiftness         |       |       |       |       |       |       |     1 |       |       ||     1
       Regeneration      |       |       |       |       |       |       |       |       |    88 ||    88
       Song of Slaying   |       |       |       |       |       |       |       |       |    50 ||    50
       Shroud of Golubri |       |       |       |       |       |       |       |       |    41 ||    41
       Repel Missiles    |       |       |       |       |       |       |       |       |    24 ||    24
       Deflect Missiles  |       |       |       |       |       |       |       |       |     2 ||     2
       Cure Poison       |       |       |       |       |       |       |       |       |     1 ||     1
       Airstrike         |       |       |       |       |       |       |       |       |     1 ||     1
Invok: Heroism           |       |       |       |    11 |    16 |    14 |    13 |    16 |    92 ||   162
       Finesse           |       |       |       |     1 |     7 |     4 |     4 |    10 |    50 ||    76
 Abil: Shaft Self        |       |       |     1 |       |       |       |       |    20 |    21 ||    42
       Dig               |       |       |     1 |       |     8 |     1 |       |     3 |    15 ||    28
       Evoke Flight      |       |       |       |       |       |       |     2 |       |     2 ||     4
Evoke: Wand              |       |       |       |     2 |     3 |     2 |       |       |    23 ||    30
       Phial of floods   |       |       |       |     1 |     1 |     1 |       |       |     7 ||    10
       Deck              |       |       |       |       |       |       |       |       |    70 ||    70
       Lamp of fire      |       |       |       |       |       |       |       |       |     7 ||     7
       Stone of tremors  |       |       |       |       |       |       |       |       |     3 ||     3
       Sack of spiders   |       |       |       |       |       |       |       |       |    61 ||    61
       Rod               |       |       |       |       |       |       |       |       |    16 ||    16
       Horn of Geryon    |       |       |       |       |       |       |       |       |     4 ||     4
       Phantom mirror    |       |       |       |       |       |       |       |       |     4 ||     4
       Box of beasts     |       |       |       |       |       |       |       |       |     3 ||     3
       Figurine of a zig |       |       |       |       |       |       |       |       |     1 ||     1
  Use: Potion            |       |     1 |       |     2 |       |       |     4 |     1 |    61 ||    69
       Scroll            |       |       |     1 |    14 |     5 |     8 |    29 |     5 |   137 ||   199
 Stab: Held in net/web   |       |       |       |       |       |     1 |       |       |       ||     1
       Confused          |       |       |       |       |       |       |     2 |       |     8 ||    10
       Distracted        |       |       |       |       |       |       |     2 |       |    16 ||    18
       Paralysed         |       |       |       |       |       |       |       |       |     5 ||     5
       Invisible         |       |       |       |       |       |       |       |       |     2 ||     2
  Eat: Chunk             |       |     7 |    22 |    21 |    25 |    22 |    28 |    14 |    65 ||   204
       Royal jelly       |       |       |     1 |       |       |       |       |     2 |    12 ||    15
       Meat ration       |       |       |       |       |     1 |       |       |     2 |    10 ||    13
       Fruit             |       |       |       |       |     1 |     1 |     2 |       |    23 ||    27
       Beef jerky        |       |       |       |       |       |     2 |     1 |       |    24 ||    27
       Bread ration      |       |       |       |       |       |     1 |     1 |     1 |    15 ||    18
       Pizza             |       |       |       |       |       |       |     1 |     4 |    19 ||    24
Armor: Scale mail        |    20 |       |       |       |       |       |       |       |       ||    20
       Plate armour      |     4 |   120 |   284 |   245 |   124 |       |       |       |       ||   777
       Storm dragon armo |       |       |       |       |   195 |   439 |   174 |       |       ||   808
       Crystal plate arm |       |       |       |       |       |       |   134 |   293 |  2113 ||  2540
Dodge: Dodged            |    18 |    45 |   202 |   269 |   328 |   485 |   318 |   258 |  3004 ||  4927
       Deflected         |       |       |       |       |       |       |       |       |    77 ||    77
Block: Shield            |    39 |   112 |   135 |       |       |       |       |       |       ||   286
       Large shield      |       |       |   491 |  1023 |  1285 |  1808 |  1362 |  1336 | 11078 || 18383
       Reflection        |       |       |       |       |       |       |       |       |    49 ||    49
